 Dungeon Crawl Stone Soup version 0.29.0-4-gdea44cf6ec (webtiles) character file.

Game seed: 12703700145306669353

561513 qw the Conqueror (level 25, -2/257 HPs)
             Began as a Minotaur Berserker on Sept 7, 2022.
             Was a High Priest of Trog.
             Killed from afar by a living spell (16 damage)
             ... with a crystal spear
             ... summoned by a walking crystal tome
             ... while petrified by a nargun
             ... on level 3 of the Realm of Zot.
             The game lasted 00:27:30 (60331 turns).

qw the Conqueror (Minotaur Berserker)              Turns: 60331, Time: 00:27:31

Health: -2/257     AC: 31    Str: 32    XL:     25   Next: 36%
Magic:  22/22      EV:  2    Int:  8    God:    Trog [*****.]
Gold:   4462       SH:  0    Dex: 14    Spells: 24/24 levels left

rFire   + + .      SeeInvis +   w - +9 war axe (vamp)
rCold   + + .      Faith    .   l - +0 tower shield
rNeg    + + +      Spirit   .   c - +0 chain mail of Uskayaw's Regard {Fly rF++ Will- Regen+}
rPois   inf        Reflect  +   (helmet restricted)
rElec   .          Harm     .   D - +1 cloak of Starlight {*Dazzle EV+4 Stlth--}
rCorr   +          Rampage  .   h - +5 pair of gloves of Feral Amelioration {Int+4 SInv Stlth+}
Will    .....                   a - +2 pair of boots
Stlth   ..........              e - amulet of Osogugg {Reflect Dex+4 SH+5 SInv}
HPRegen 1.32/turn               s - ring of Surprise {Wiz rC++ Slay+3}
MPRegen 0.18/turn               B - ring "Vicah" {rPois rCorr Dex-2 Slay+4}

@: petrified, on berserk cooldown, flying, slowed
A: horns 2, retaliatory headbutt
}: 3/15 runes: serpentine, barnacled, silver
a: Renounce Religion, Berserk, Trog's Hand, Brothers in Arms


You were on level 3 of the Realm of Zot.
You worshipped Trog.
Trog was extremely pleased with you.
You visited 8 branches of the dungeon, and saw 42 of its levels.
You visited the Abyss 1 time.
You also visited: Ossuary and Desolation.

You collected 7357 gold pieces.
You spent 2895 gold pieces at shops.


Innate Abilities, Weirdness & Mutations

You have a pair of horns on your head.
You reflexively headbutt those who attack you in melee.


   Skills:
 O Level 27 Fighting
 + Level 21.8 Axes
 - Level 16.1 Throwing
 - Level 25.0 Armour
 - Level 19.1 Dodging
 - Level 23.3 Shields
 - Level 4.4 Evocations


You had 24 spell levels left.
You didn't know any spells.
Your spell library was empty.

Inventory:

Hand Weapons
 w - a +9 vampiric war axe (weapon)
Missiles
 m - 42 boomerangs
 v - 6 silver boomerangs (quivered)
 z - 3 boomerangs of dispersal
 A - 2 javelins
Armour
 a - a +2 pair of boots (worn)
 c - the +0 chain mail of Uskayaw's Regard (worn) {Fly rF++ Will- Regen+}
   (You took it off a rakshasa on level 2 of the Depths)

   rF:        It greatly protects you from fire.
   Fly:       It grants you flight.
   Regen:     It increases your rate of health regeneration.
   Will:      It decreases your willpower.
 h - the +5 pair of gloves of Feral Amelioration (worn) {Int+4 SInv Stlth+}
   (You found it on level 9 of the Dungeon)

   Int:       It affects your intelligence (+4).
   SInv:      It lets you see invisible.
   Stlth:     It makes you more stealthy.
 l - a +0 tower shield (worn)
 q - a +10 plate armour
 D - the +1 cloak of Starlight (worn) {*Dazzle EV+4 Stlth--}
   (You found it in the Desolation of Salt)

   It may blind those who miss an attack against the wearer in melee combat.
   EV:        It affects your evasion (+4).
   Stlth:     It makes you much less stealthy.
 F - +0 gold dragon scales
Jewellery
 e - the amulet of Osogugg (around neck) {Reflect Dex+4 SH+5 SInv}
   (You took it off a vampire on level 10 of the Dungeon)

   [amulet of reflection]

   It reflects blocked missile attacks.
   Dex:       It affects your dexterity (+4).
   SInv:      It lets you see invisible.
   SH:        It affects your SH (+5).
 i - the ring "Oleeg" {rElec rF- Dex+6 Slay+5 Stlth+}
   (You found it on level 13 of the Dungeon)

   [ring of dexterity]

   Dex:       It affects your dexterity (+6).
   Slay:      It affects your accuracy & damage with ranged weapons and melee
   (+5).
   rF:        It makes you vulnerable to fire.
   rElec:     It insulates you from electricity.
   Stlth:     It makes you more stealthy.
 s - the ring of Surprise (left hand) {Wiz rC++ Slay+3}
   (You took it off a centaur on level 10 of the Dungeon)

   [ring of wizardry]

   It improves your spell success rate.
   Slay:      It affects your accuracy & damage with ranged weapons and melee
   (+3).
   rC:        It greatly protects you from cold.
 B - the ring "Vicah" (right hand) {rPois rCorr Dex-2 Slay+4}
   (You took it off a merfolk impaler on level 4 of the Shoals)

   [ring of slaying]

   Dex:       It affects your dexterity (-2).
   Slay:      It affects your accuracy & damage with ranged weapons and melee
   (+4).
   rPois:     It protects you from poison.
   rCorr:     It protects you from acid and corrosion.
 C - a ring of protection from fire
 E - a +4 ring of protection
 I - a ring of protection from fire
 Y - a +4 ring of evasion
Wands
 G - a wand of digging (4)
Scrolls
 j - 11 scrolls of identify
 k - 10 scrolls of teleportation
 o - 2 scrolls of enchant weapon
Potions
 b - 6 potions of haste
 f - 8 potions of might
 g - 19 potions of curing
 p - 13 potions of heal wounds
 r - 10 potions of mutation

Dungeon Overview and Level Annotations

Branches:
Dungeon (15/15)            Temple (0/1) D:6            Lair (5/5) D:11
 Shoals (4/4) Lair:2        Snake (4/4) Lair:3        Slime (0/5) Lair:4
    Orc (2/2) D:12            Elf (0/3) Orc:2        Vaults (5/5) D:13
  Crypt (0/3) Vaults:3     Depths (4/4) D:15            Zot (3/5) Depths:4
Ossuary (visited)         Desolation (visited)

Altars:
Dithmenos
Elyvilon
Gozag
Hepliaklqana
Qazlal
Ru
Sif Muna
Wu Jian
Xom
Yredelemnul
Zin
The Shining One
Jiyva

Shops:
D:6 *   D:8 :((!   D:9 :   Orc:1 [*[*   Orc:2 **?[   Shoals:1 (   Snake:1 *!:
Snake:3 =::   Vaults:2 *   Vaults:4 (   Depths:1 [=   Depths:2 (?

Portals:
Hell: Depths:1 Depths:2 Depths:3 Depths:4
Abyss: D:7 Depths:1 Depths:3
Pandemonium: Depths:2 Depths:3
Ziggurat: Depths:2

Annotations:
D:7 2 transporters, qw's ghost, novice MiBe
D:8 3 runed translucent doors, qw's ghost, journeyman GrBe
Lair:3 3 runed translucent doors, qw's ghost, journeyman TrCA
Lair:4 1 runed translucent door
Lair:5 2 runed translucent doors
Shoals:4 1 runed translucent door, qw's ghost, adept MiFi
Depths:1 4 transporters


Message History

The crystal spear hits you!!!
60326 ||| INVOKING Brothers in Arms.
Your ogre goes berserk!
The walking crystal tome barely misses your ogre.
You swap places.
The nargun misses you. You furiously retaliate!
You headbutt the nargun, but do no damage.
You block the nargun's attack.
The walking crystal tome erupts in a flurry of living spells!
You are slowing down.
Your ogre hits the walking crystal tome with a +0 giant club!!!
The living spell casts itself at you. The crystal spear hits you!!!
You slice the walking crystal tome!!
The walking crystal tome is severely damaged.
You hit the nargun.
Your ogre hits the walking crystal tome but does no damage.
The walking crystal tome erupts in a flurry of living spells!
You block the nargun's attack. The nargun bites you! The nargun freezes you!
You resist. The living spell casts itself at you.
The crystal spear hits your ogre!!!
Your ogre dies!
Your ogre's corpse disappears in a puff of smoke!
Your limbs have turned to stone.
The walking crystal tome erupts in a flurry of living spells!
You have turned to stone.
The living spell casts itself at you. The crystal spear hits you!!!
The walking crystal tome hits you!
You barely resist. The living spell casts itself at you.
The crystal spear hits you!!! The living spell casts itself at you.
The crystal spear hits you! The living spell casts itself at you.
The crystal spear hits you!! The nargun hits you! The nargun bites you!
The nargun freezes you! You resist. The living spell casts itself at you.
The crystal spear hits you!!
You die...

.......#### #.#.# ..
..####.######.#.# ...
..#.........#.#<#.#.#.
..#.##.####.#.###.#
....##.#......)...#
#...##.#.##.#)#'###
#.#.##.# #.###..###
#)#....# #.##....}###
#.#..... #.##..@...>#
#.######.
#.##}*9;....}# #.#
#.##..*....... #..
...#>...}..... #..
#.......... #..
#}.......}# ....
#......>### #....}###


You could see a walking crystal tome, a nargun and 2 living crystal spells.

Vanquished Creatures
  3 ancient liches
  Mara (Shoals:4)
  2 dread liches
  An orb of fire (Zot:2)
  Mennas (Vaults:5)
  2 juggernauts (Depths:4)
  Sojobo (Vaults:5)
  Margery (Vaults:2)
  Xtahua (Depths:3)
  Vv (Zot:1)
  Saint Roka (Depths:3)
  5 caustic shrikes (Depths:4)
  A profane servitor (Abyss:2)
  7 golden dragons
  An electric golem (Zot:1)
  2 bone dragons
  Rupert (Lair:4)
  3 walking crystal tomes
  4 liches
  17 tentacled monstrosities
  9 quicksilver dragons
  A walking divine tome (Depths:4)
  7 titans
  4 death cobs
  2 krakens
  Polyphemus (Shoals:2)
  Kirke (Lair:3)
  2 walking frostbound tomes
  A sphinx (shapeshifter) (Vaults:5)
  10 tengu reavers
  6 sphinxes
  Donald (Shoals:4)
  Frances (Shoals:2)
  7 shadow dragons
  A nagaraja (Snake:4)
  7 draconian monks
  6 storm dragons
  2 narguns (Zot:3)
  11 fire giants
  2 draconian knights
  4 iron dragons
  21 frost giants
  A deep elf sorcerer (Vaults:5)
  A caustic shrike zombie (D:15)
  4 draconian scorchers
  4 orc warlords
  3 ghost moths
  A balrug (Abyss:2)
  16 vault wardens
  3 draconian shifters
  A reaper (Abyss:2)
  2 draconian stormcallers (Zot:2)
  3 war gargoyles
  15 ironbound preservers
  10 ironbound thunderhulks
  3 draconian annihilators
  3 spriggan defenders
  4 vampire knights
  25 stone giants
  26 very ugly things
  3 deep elf demonologists (Vaults:5)
  8 green draconians
  4 black draconians
  A halazid warlock (Desolation)
  A deep elf annihilator (Vaults:5)
  8 white draconians
  29 dire elephants
  6 red draconians
  9 yellow draconians
  6 spark wasps
  9 purple draconians
  10 fire dragons
  An eidolon (Vaults:3)
  A crystal guardian (Desolation)
  A jiangshi (Vaults:3)
  7 merfolk javelineers
  7 merfolk impalers
  11 ettins
  3 hydras
  4 deep elf high priests
  A spriggan zombie (D:15)
  7 rakshasas
  9 servants of whispers
  10 yaktaur captains
  4 ragged hierophants (Desolation)
  8 great orbs of eyes
  13 ice dragons
  5 salamander tyrants (Snake:4)
  39 vault guards
  6 peacekeepers (Desolation)
  3 ogre magi
  6 centaur warriors
  A boulder beetle (Vaults:2)
  6 anacondas
  3 catoblepae
  8 spriggan air magi
  13 ironbound frosthearts
  7 merfolk aquamancers
  5 naga warriors
  3 satyrs
  3 alligator snapping turtles
  2 merfolk avatars
  16 two-headed ogres
  9 death yaks
  7 tengu warriors
  2 vampire magi
  A dancing weapon (Zot:3)
  5 deep troll shamans
  A thrashing horror (Abyss:2)
  2 orc high priests
  9 naga sharpshooters
  11 shock serpents
  10 deep troll earth magi
  12 hell knights
  A shock serpent (shapeshifter) (Vaults:5)
  11 spriggan berserkers
  Sonja (Lair:4)
  3 sun demons (Abyss:2)
  A storm dragon zombie (Vaults:5)
  A wretched star (Abyss:2)
  4 salamander mystics
  11 iron trolls
  A fire crab (Lair:5)
  2 skeletal warriors (D:15)
  A spark wasp zombie (D:15)
  2 flayed ghosts (Depths:3)
  21 sea snakes
  4 glowing orange brains
  5 naga ritualists
  5 large abominations (Abyss:2)
  23 ironbound convokers
  10 wizards
  49 deep trolls
  4 lindwurms (Vaults:1)
  5 phantasmal warriors
  7 deep elf pyromancers
  10 necromancers
  A golden dragon skeleton (D:15)
  Pikel (D:4)
  15 harpies
  5 mana vipers
  20 fauns
  A wolf spider (D:15)
  4 orc sorcerers
  11 salamanders
  14 orc knights
  46 ugly things
  An oklob plant (Lair:3)
  11 manticores
  18 cyclopes
  15 moths of wrath
  9 elephants
  A salamander (shapeshifter) (Vaults:5)
  A frost giant skeleton (Vaults:5)
  11 merfolk sirens
  37 black mambas
  9 guardian serpents
  3 molten gargoyles
  19 vault sentinels
  2 smoke demons (Abyss:2)
  10 naga magi
  An orange demon (Abyss:2)
  12 cane toads
  A storm dragon simulacrum (Vaults:5)
  7 water nymphs
  4 efreet
  3 unseen horrors
  A rime drake (Lair:5)
  A freezing wraith (D:15)
  5 komodo dragons
  A yaktaur zombie (Vaults:4)
  2 kobold demonologists
  A tormentor (Abyss:2)
  29 yaktaurs
  A hellwing (Abyss:2)
  2 ancient zymes (Abyss:2)
  A silent spectre (Abyss:2)
  3 tengu conjurers
  13 trolls
  A polar bear (shapeshifter) (Vaults:5)
  2 polar bears (Lair:3)
  3 meliai (D:15)
  10 wind drakes
  54 saltlings
  6 hornets
  24 blink frogs
  8 dream sheep
  28 merfolk
  An ettin zombie (Vaults:5)
  10 snapping turtles
  Grinder (D:3)
  A dream sheep (shapeshifter) (Vaults:5)
  17 slime creatures
  54 yaks
  4 spriggans
  20 water elementals
  3 vampires
  2 shadows
  2 wraiths
  10 hogs
  3 wyverns
  5 golden eyes (Abyss:2)
  2 steam dragons
  A human (D:7)
  Eustachio (D:4)
  8 basilisks
  A redback (shapeshifter) (Zot:1)
  6 vampire mosquitoes
  Edmund (D:4)
  5 wargs
  26 nagas
  An ogre zombie (Vaults:5)
  A floating eye (Depths:2)
  7 hell hounds
  10 two-headed ogre zombies (Orc:1)
  24 water moccasins
  2 sky beasts
  40 orc warriors
  2 ice beasts
  14 ogres
  4 black bears
  3 lemures (D:4)
  2 boggarts
  8 wolves
  17 centaurs
  A human skeleton (Vaults:4)
  5 small abominations (Abyss:2)
  4 kobold brigands
  An elf zombie (Ossuary)
  Blork the orc (D:6)
  11 bullfrogs
  A scorpion (D:5)
  5 wights (D:8)
  2 necrophages (D:5)
  4 killer bees
  4 electric eels
  5 howler monkeys
  5 lava snakes (Lair:5)
  3 jellies
  2 human zombies
  17 orc priests
  2 hounds
  26 orc wizards
  A hell rat (D:5)
  2 mummies (Ossuary)
  A gnoll (shapeshifter) (D:15)
  3 gnolls (D:6)
  23 river rats
  2 adders
  17 white imps
  2 ufetubi
  3 worms
  7 dart slugs
  71 orcs
  8 ball pythons
  3 bats
  5 endoplasms
  6 giant cockroaches
  A gnoll zombie (Ossuary)
  7 goblins
  7 hobgoblins
  9 jackals
  18 kobolds
  3 quokkas
  A frilled lizard (D:2)
  2 goblin zombies (Ossuary)
  5 hobgoblin zombies (Ossuary)
  A jackal zombie (D:4)
  4 orc zombies (Ossuary)
  7 rats
  A rat zombie (D:4)
  6 tentacles
1979 creatures vanquished.

Vanquished Creatures (collateral kills)
  A curse toe (Zot:1)
  A golden dragon (Zot:1)
  A vault warden (Vaults:3)
  An ironbound preserver (Vaults:2)
  An ettin (Depths:4)
  Snorg (Lair:4)
  A ragged hierophant (Desolation)
  2 crystal guardians (Desolation)
  A merfolk javelineer (Shoals:4)
  4 hydras
  A vault guard (Vaults:1)
  An ice dragon (Depths:4)
  2 merfolk avatars
  A catoblepas (Lair:5)
  A deep troll shaman (Depths:4)
  A spriggan (Depths:2)
  3 hell knights
  A flayed ghost (Depths:3)
  A sea snake (Shoals:4)
  2 ironbound convokers
  A lindwurm (Vaults:4)
  4 ugly things
  2 necromancers (Depths:3)
  A faun (Shoals:2)
  A cyclops (Shoals:4)
  2 moths of wrath (Zot:1)
  A vault sentinel (Vaults:4)
  A molten gargoyle (Lair:5)
  7 merfolk
  A hornet (Depths:2)
  6 saltlings (Desolation)
  2 wind drakes (Shoals:4)
  5 dream sheep
  A slime creature (Vaults:4)
  A snapping turtle (Shoals:4)
  3 blink frogs (Lair:3)
  4 yaks
  A water elemental (Shoals:4)
  A steam dragon (Lair:5)
  A water moccasin (Lair:5)
  2 boggarts (Vaults:4)
  An orc priest (D:9)
77 creatures vanquished.

Vanquished Creatures (others)
  A draconian knight (Zot:2)
  A mana viper (Snake:4)
  A worldbinder (Abyss:2)
  An ancient zyme (Abyss:2)
  A shadow (D:10)
  A small abomination (Abyss:2)
  A naga (Snake:3)
  2 water moccasins (Lair:3)
  A boggart (Vaults:4)
  A centaur (Orc:2)
  An orc wizard (Orc:1)
  A dart slug (D:6)
  3 kobolds
  A bush (Lair:2)
  41 fungi
  2 pillars of salt (Desolation)
  200 plants
  16 tentacles
  8 withered plants
284 creatures vanquished.

Grand Total: 2340 creatures vanquished

Notes
Turn   | Place    | Note
-------+----------+-------------------------------------------
     0 | D:1      | qw the Minotaur Berserker began the quest for the Orb.
     0 | D:1      | Reached XP level 1. HP: 19/19 MP: 0/0
     0 | D:1      | 0 ||| qw: Version: 0.1-a-108-g9e35731
     0 | D:1      | 0 ||| qw: Game counter: 6465
     0 | D:1      | 0 ||| qw: Always use a shield: true
     0 | D:1      | 0 ||| qw: Do Orc after D:15 true
     0 | D:1      | 0 ||| qw: Do second Lair branch before Depths: true
     0 | D:1      | 0 ||| qw: Lair rune preference: random
     0 | D:1      | 0 ||| qw: Plans: Normal
     0 | D:1      | 0 ||| PLANNING D:1-11
   256 | D:1      | Reached XP level 2. HP: 26/26 MP: 1/1
   517 | D:1      | 517 ||| Stepping ~*~*~tactically~*~*~ (hiding).
   519 | D:1      | 519 ||| Stepping ~*~*~tactically~*~*~ (hiding).
  1134 | D:1      | 1134 ||| UPGRADING to +0 ring mail.
  1144 | D:1      | 1144 ||| DROPPING +0 animal skin.
  1145 | D:1      | 1145 ||| UPGRADING to amulet of reflection.
  1150 | D:1      | 1150 ||| READING scroll labelled XUADDU NUNE.
  1151 | D:1      | 1151 ||| READING 3 scrolls labelled VYATIM VUOXAD.
  1152 | D:1      | 1152 ||| READING 2 scrolls labelled SYFUGE COOCE.
  1156 | D:1      | 1156 ||| READING scroll labelled NOKOECLYRESO.
  1157 | D:1      | 1157 ||| READING 3 scrolls labelled HIXE LUTHRAGROC.
  1303 | D:1      | 1303 ||| READING 2 scrolls of identify.
  1303 | D:1      | 1303 ||| IDENTIFYING puce potion
  1304 | D:1      | 1304 ||| DROPPING potion of flight.
  1305 | D:1      | 1305 ||| DROPPING 2 scrolls of torment.
  1334 | D:2      | 1334 ||| STAIRDANCE
  1340 | D:2      | 1340 ||| INVOKING Berserk.
  1347 | D:2      | 1347 ||| STAIRDANCE
  1600 | D:2      | Reached XP level 3. HP: 31/31 MP: 2/2
  1752 | D:2      | 1752 ||| INVOKING Berserk.
  1917 | D:2      | Found a faded altar of an unknown god.
  2128 | D:2      | 2128 ||| UPGRADING to +0 chain mail.
  2138 | D:2      | 2138 ||| DROPPING +0 ring mail.
  2139 | D:2      | 2139 ||| UPGRADING to ring of see invisible.
  2140 | D:2      | 2140 ||| READING scroll labelled WILYMPEULO.
  2141 | D:2      | 2141 ||| READING scroll labelled YMAF YMNIQIT.
  2142 | D:2      | 2142 ||| DRINKING 2 amethyst potions.
  2143 | D:2      | 2143 ||| DROPPING potion of attraction.
  2144 | D:2      | 2144 ||| READING 2 scrolls of teleportation.
  2182 | D:3      | 2182 ||| PLANNING SEWER
  2229 | D:3      | You fall into a shaft and drop 3 floors!
  2265 | D:6      | Noticed an ice beast
  2271 | D:6      | 2271 ||| INVOKING Berserk.
  2273 | D:6      | Killed an ice beast
  2274 | D:6      | Reached skill level 6 in Axes
  2274 | D:6      | Reached XP level 4. HP: 39/39 MP: 3/3
  2281 | D:6      | Reached XP level 5. HP: 36/45 MP: 4/4
  2340 | D:6      | Found a staircase to the Ecumenical Temple.
  2347 | D:6      | 2347 ||| Stepping ~*~*~tactically~*~*~ (stealth).
  2349 | D:6      | 2349 ||| Stepping ~*~*~tactically~*~*~ (stealth).
  2351 | D:6      | 2351 ||| Stepping ~*~*~tactically~*~*~ (stealth).
  2363 | D:6      | 2363 ||| INVOKING Berserk.
  2368 | D:6      | Reached skill level 4 in Fighting
  2447 | D:6      | 2447 ||| Stepping ~*~*~tactically~*~*~ (stealth).
  2619 | D:6      | Reached skill level 1 in Throwing
  2619 | D:6      | Reached XP level 6. HP: 55/55 MP: 5/5
  2623 | D:6      | 2623 ||| UPGRADING to +0 pair of boots.
  2642 | D:6      | 2642 ||| FLEEEEING.
  2643 | D:6      | 2643 ||| FLEEEEING.
  2644 | D:6      | 2644 ||| FLEEEEING.
  2644 | D:6      | Found a glowing golden altar of the Shining One.
  2645 | D:6      | 2645 ||| FLEEEEING.
  2646 | D:6      | 2646 ||| STAIRDANCE
  2647 | D:5      | Entered Level 5 of the Dungeon
  2894 | D:5      | 2894 ||| READING 2 scrolls of identify.
  2894 | D:5      | 2894 ||| IDENTIFYING ruby potion
  2895 | D:5      | 2895 ||| DROPPING potion of degeneration.
  2901 | D:4      | Noticed Eustachio
  2908 | D:4      | 2908 ||| INVOKING Berserk.
  2914 | D:4      | Killed Eustachio
  2940 | D:4      | 2940 ||| Stepping ~*~*~tactically~*~*~ (stealth).
  2942 | D:4      | 2942 ||| Stepping ~*~*~tactically~*~*~ (stealth).
  2944 | D:4      | 2944 ||| Stepping ~*~*~tactically~*~*~ (stealth).
  2945 | D:4      | 2945 ||| Stepping ~*~*~tactically~*~*~ (stealth).
  2973 | D:4      | Noticed Pikel
  2974 | D:4      | 2974 ||| Stepping ~*~*~tactically~*~*~ (stealth).
  2975 | D:4      | 2975 ||| Stepping ~*~*~tactically~*~*~ (stealth).
  2976 | D:4      | 2976 ||| Stepping ~*~*~tactically~*~*~ (stealth).
  2981 | D:4      | 2981 ||| Stepping ~*~*~tactically~*~*~ (stealth).
  2985 | D:4      | 2985 ||| INVOKING Berserk.
  2999 | D:4      | Killed Pikel
  3000 | D:4      | Reached XP level 7. HP: 60/60 MP: 6/6
  3005 | D:4      | Reached skill level 3 in Armour
  3093 | D:4      | 3093 ||| RIP SEWER
  3093 | D:4      | 3093 ||| PLANNING OSSUARY
  3129 | D:4      | 3129 ||| Stepping ~*~*~tactically~*~*~ (stealth).
  3275 | D:4      | Found a sand-covered staircase.
  3276 | D:4      | 3276 ||| UPGRADING to +0 buckler.
  3288 | Ossuary  | Entered an ossuary
  3330 | Ossuary  | Reached ** piety under Trog
  3331 | Ossuary  | Reached skill level 1 in Shields
  3348 | Ossuary  | Reached XP level 8. HP: 56/67 MP: 7/7
  3553 | D:4      | 3553 ||| PLANNING D:1-11
  3582 | D:3      | 3582 ||| RIP SEWER
  3601 | D:3      | Reached skill level 3 in Shields
  3657 | D:3      | 3657 ||| Stepping ~*~*~tactically~*~*~ (stealth).
  3673 | D:3      | Reached skill level 5 in Fighting
  3681 | D:3      | 3681 ||| Stepping ~*~*~tactically~*~*~ (stealth).
  3689 | D:3      | 3689 ||| Stepping ~*~*~tactically~*~*~ (stealth).
  3690 | D:3      | 3690 ||| Stepping ~*~*~tactically~*~*~ (stealth).
  3692 | D:3      | 3692 ||| Stepping ~*~*~tactically~*~*~ (hiding).
  3700 | D:3      | 3700 ||| INVOKING Berserk.
  3824 | D:3      | 3824 ||| DROPPING +1 whip of electrocution.
  4321 | D:3      | Noticed Grinder
  4321 | D:3      | Paralysed by Grinder for 2 turns
  4323 | D:3      | 4323 ||| INVOKING Trog's Hand.
  4328 | D:3      | 4328 ||| INVOKING Berserk.
  4331 | D:3      | Killed Grinder
  4332 | D:3      | Reached skill level 6 in Fighting
  4490 | D:3      | 4490 ||| Stepping ~*~*~tactically~*~*~ (water).
  4492 | D:3      | 4492 ||| UPGRADING to +0 kite shield.
  4502 | D:3      | 4502 ||| DROPPING +0 buckler.
  4503 | D:3      | 4503 ||| READING scroll labelled TUNWYR WI OSOGI.
  4504 | D:3      | 4504 ||| READING scroll labelled WUODAA NECUYT.
  4571 | D:4      | 4571 ||| Stepping ~*~*~tactically~*~*~ (hiding).
  4573 | D:4      | 4573 ||| Stepping ~*~*~tactically~*~*~ (hiding).
  4576 | D:4      | 4576 ||| INVOKING Berserk.
  4594 | D:4      | 4594 ||| FLEEEEING.
  4595 | D:4      | 4595 ||| FLEEEEING.
  4599 | D:4      | Reached *** piety under Trog
  4600 | D:4      | 4600 ||| FLEEEEING.
  4603 | D:4      | 4603 ||| STAIRDANCE
  4780 | D:4      | 4780 ||| Stepping ~*~*~tactically~*~*~ (stealth).
  4797 | D:4      | 4797 ||| INVOKING Berserk.
  4804 | D:4      | 4804 ||| Stepping ~*~*~tactically~*~*~ (stealth).
  4805 | D:4      | 4805 ||| Stepping ~*~*~tactically~*~*~ (stealth).
  4814 | D:4      | 4814 ||| Stepping ~*~*~tactically~*~*~ (stealth).
  4815 | D:4      | 4815 ||| Stepping ~*~*~tactically~*~*~ (stealth).
  4839 | D:4      | 4839 ||| FLEEEEING.
  4841 | D:4      | 4841 ||| FLEEEEING.
  4851 | D:4      | 4851 ||| Stepping ~*~*~tactically~*~*~ (stealth).
  4853 | D:4      | 4853 ||| Stepping ~*~*~tactically~*~*~ (stealth).
  4855 | D:4      | 4855 ||| Stepping ~*~*~tactically~*~*~ (stealth).
  4857 | D:4      | 4857 ||| Stepping ~*~*~tactically~*~*~ (stealth).
  4859 | D:4      | 4859 ||| Stepping ~*~*~tactically~*~*~ (stealth).
  4861 | D:4      | 4861 ||| Stepping ~*~*~tactically~*~*~ (stealth).
  4863 | D:4      | 4863 ||| Stepping ~*~*~tactically~*~*~ (stealth).
  4865 | D:4      | 4865 ||| Stepping ~*~*~tactically~*~*~ (stealth).
  4867 | D:4      | 4867 ||| Stepping ~*~*~tactically~*~*~ (stealth).
  4869 | D:4      | 4869 ||| Stepping ~*~*~tactically~*~*~ (stealth).
  4871 | D:4      | 4871 ||| Stepping ~*~*~tactically~*~*~ (stealth).
  4873 | D:4      | 4873 ||| Stepping ~*~*~tactically~*~*~ (stealth).
  4875 | D:4      | 4875 ||| Stepping ~*~*~tactically~*~*~ (stealth).
  4877 | D:4      | 4877 ||| Stepping ~*~*~tactically~*~*~ (stealth).
  4879 | D:4      | 4879 ||| Stepping ~*~*~tactically~*~*~ (stealth).
  4881 | D:4      | 4881 ||| Stepping ~*~*~tactically~*~*~ (stealth).
  5028 | D:4      | Noticed Edmund
  5029 | D:4      | 5029 ||| INVOKING Berserk.
  5045 | D:4      | Killed Edmund
  5079 | D:4      | 5079 ||| DROPPING +0 flail.
  5109 | D:4      | Identified the +7 hand axe "Xuluseav" {pain, rPois SInv}
  5111 | D:4      | 5111 ||| DROPPING +7 hand axe "Xuluseav" {pain, rPois
                  | SInv}.
  5188 | D:4      | Found a shadowy altar of Dithmenos.
  5229 | D:4      | 5229 ||| Stepping ~*~*~tactically~*~*~ (hiding).
  5230 | D:4      | 5230 ||| Stepping ~*~*~tactically~*~*~ (hiding).
  5231 | D:4      | 5231 ||| Stepping ~*~*~tactically~*~*~ (hiding).
  5234 | D:4      | 5234 ||| Stepping ~*~*~tactically~*~*~ (hiding).
  5247 | D:4      | Reached skill level 6 in Shields
  5285 | D:4      | 5285 ||| READING scroll labelled NETO SITEHIZXOISI.
  5286 | D:4      | 5286 ||| READING scroll labelled INAYBA PUTOECO.
  5287 | D:4      | 5287 ||| DRINKING 2 fuming ruby potions.
  5288 | D:4      | 5288 ||| READING 2 scrolls of identify.
  5288 | D:4      | 5288 ||| IDENTIFYING bubbling golden potion
  5289 | D:4      | 5289 ||| DROPPING potion of ambrosia.
  5335 | D:5      | 5335 ||| INVOKING Berserk.
  5341 | D:5      | 5341 ||| STAIRDANCE
  5657 | D:5      | 5657 ||| Stepping ~*~*~tactically~*~*~ (stealth).
  5863 | D:5      | 5863 ||| READING scroll labelled NIMU ORIGOWK.
  5864 | D:5      | 5864 ||| DRINKING 2 dark potions.
  5885 | D:5      | 5885 ||| DROPPING potion of lignification.
  5932 | D:6      | 5932 ||| STAIRDANCE
  5945 | D:6      | 5945 ||| STAIRDANCE
  5974 | D:6      | Reached XP level 9. HP: 62/78 MP: 8/8
  5974 | D:6      | 5974 ||| FLEEEEING.
  5975 | D:6      | 5975 ||| FLEEEEING.
  5976 | D:6      | 5976 ||| FLEEEEING.
  5977 | D:6      | 5977 ||| STAIRDANCE
  6102 | D:6      | 6102 ||| READING scroll of enchant armour.
  6102 | D:6      | 6102 ||| ENCHANTING +0 pair of boots.
  6186 | D:6      | Noticed Blork the orc
  6224 | D:6      | Found a shimmering blue altar of Sif Muna.
  6314 | D:6      | Found a hazy altar of Hepliaklqana.
  6337 | D:6      | 6337 ||| FLEEEEING.
  6341 | D:6      | 6341 ||| FLEEEEING.
  6342 | D:6      | 6342 ||| FLEEEEING.
  6343 | D:6      | 6343 ||| FLEEEEING.
  6350 | D:6      | 6350 ||| STAIRDANCE
  6420 | D:5      | 6420 ||| READING 2 scrolls of identify.
  6420 | D:5      | 6420 ||| IDENTIFYING fizzy blue potion
  6425 | D:6      | 6425 ||| Stepping ~*~*~tactically~*~*~ (hiding).
  6430 | D:6      | 6430 ||| INVOKING Berserk.
  6443 | D:6      | 6443 ||| Stepping ~*~*~tactically~*~*~ (cloud).
  6474 | D:6      | 6474 ||| Stepping ~*~*~tactically~*~*~ (stealth).
  6524 | D:6      | 6524 ||| FLEEEEING.
  6525 | D:6      | 6525 ||| FLEEEEING.
  6526 | D:6      | 6526 ||| FLEEEEING.
  6529 | D:6      | 6529 ||| Stepping ~*~*~tactically~*~*~ (water).
  6530 | D:6      | 6530 ||| INVOKING Berserk.
  6726 | D:6      | 6726 ||| FLEEEEING.
  6765 | D:6      | 6765 ||| INVOKING Berserk.
  6769 | D:6      | Killed Blork the orc
  6984 | D:6      | Found Keuku's General Store.
  6993 | D:6      | 6993 ||| BUYING potion of heal wounds (65 gold).
  6993 | D:6      | Bought a potion of heal wounds for 65 gold pieces
  7246 | D:5      | Found a shimmering altar of Xom.
  7369 | D:5      | 7369 ||| Stepping ~*~*~tactically~*~*~ (stealth).
  7380 | D:5      | 7380 ||| Stepping ~*~*~tactically~*~*~ (stealth).
  7386 | D:5      | 7386 ||| Stepping ~*~*~tactically~*~*~ (stealth).
  7427 | D:5      | 7427 ||| FLEEEEING.
  7428 | D:5      | 7428 ||| FLEEEEING.
  7429 | D:5      | 7429 ||| FLEEEEING.
  7430 | D:5      | 7430 ||| FLEEEEING.
  7431 | D:5      | 7431 ||| FLEEEEING.
  7432 | D:5      | 7432 ||| FLEEEEING.
  7433 | D:5      | 7433 ||| FLEEEEING.
  7434 | D:5      | 7434 ||| FLEEEEING.
  7437 | D:5      | 7437 ||| FLEEEEING.
  7438 | D:5      | 7438 ||| FLEEEEING.
  7439 | D:5      | 7439 ||| FLEEEEING.
  7440 | D:5      | 7440 ||| FLEEEEING.
  7441 | D:5      | 7441 ||| FLEEEEING.
  7445 | D:5      | 7445 ||| FLEEEEING.
  7446 | D:5      | 7446 ||| FLEEEEING.
  7450 | D:5      | 7450 ||| FLEEEEING.
  7451 | D:5      | 7451 ||| FLEEEEING.
  7452 | D:5      | 7452 ||| FLEEEEING.
  7455 | D:5      | 7455 ||| FLEEEEING.
  7460 | D:5      | 7460 ||| FLEEEEING.
  7461 | D:5      | 7461 ||| FLEEEEING.
  7464 | D:5      | 7464 ||| FLEEEEING.
  7466 | D:5      | 7466 ||| FLEEEEING.
  7471 | D:5      | 7471 ||| FLEEEEING.
  7472 | D:5      | 7472 ||| FLEEEEING.
  7473 | D:5      | 7473 ||| FLEEEEING.
  7551 | D:5      | 7551 ||| READING scroll of enchant weapon.
  7551 | D:5      | 7551 ||| ENCHANTING +1 hand axe.
  7686 | D:5      | Found the +2 ratskin cloak {*Rats rPois rN+ Str-1 Int-1
                  | Dex+1}
  7701 | D:5      | Reached **** piety under Trog
  7818 | D:5      | 7818 ||| UPGRADING to +0 plate armour.
  7828 | D:5      | 7828 ||| DROPPING +0 chain mail.
  7829 | D:5      | 7829 ||| UPGRADING to +2 ratskin cloak {*Rats rPois rN+
                  | Str-1 Int-1 Dex+1}.
  7834 | D:5      | 7834 ||| DROPPING amulet of faith.
  7966 | D:7      | Found a one-way gate to the infinite horrors of the Abyss.
  7966 | D:7      | Noticed qw's ghost (novice MiBe)
  7971 | D:7      | Identified the +2 short sword of Guriluv {vorpal, Str+5}
  7990 | D:7      | Noticed a toenail golem
  7999 | D:7      | Found a transporter.
  7999 | D:7      | Noticed an ancient zyme
  8221 | D:7      | 8221 ||| Stepping ~*~*~tactically~*~*~ (hiding).
  8225 | D:7      | Reached skill level 3 in Throwing
  8227 | D:7      | 8227 ||| INVOKING Berserk.
  8379 | D:7      | Noticed a troll
  8380 | D:7      | 8380 ||| Stepping ~*~*~tactically~*~*~ (stealth).
  8383 | D:7      | 8383 ||| INVOKING Berserk.
  8384 | D:7      | Killed a troll
  8392 | D:7      | Reached skill level 12 in Axes
  8568 | D:7      | Reached skill level 6 in Armour
  8574 | D:7      | Reached skill level 7 in Fighting
  8600 | D:7      | Found a basalt altar of Yredelemnul.
  8606 | D:7      | Found a sacrificial altar of Ru.
  8609 | D:7      | Found a glowing silver altar of Zin.
  8640 | D:7      | 8640 ||| INVOKING Berserk.
  8971 | D:7      | Found a transporter.
  9074 | D:7      | 9074 ||| Stepping ~*~*~tactically~*~*~ (stealth).
  9084 | D:7      | Reached XP level 10. HP: 84/86 MP: 9/9
  9087 | D:7      | Reached skill level 9 in Shields
  9342 | D:7      | 9342 ||| READING 2 scrolls of identify.
  9342 | D:7      | 9342 ||| IDENTIFYING sedimented silvery potion
  9343 | D:7      | 9343 ||| DROPPING potion of invisibility.
  9382 | D:8      | 9382 ||| READING scroll of enchant armour.
  9382 | D:8      | 9382 ||| ENCHANTING +1 pair of boots.
  9393 | D:8      | 9393 ||| READING scroll of enchant weapon.
  9393 | D:8      | 9393 ||| ENCHANTING +2 hand axe.
  9397 | D:8      | 9397 ||| READING scroll of enchant armour.
  9397 | D:8      | 9397 ||| ENCHANTING +0 plate armour.
  9535 | D:8      | 9535 ||| Stepping ~*~*~tactically~*~*~ (stealth).
  9545 | D:8      | 9545 ||| INVOKING Berserk.
  9675 | D:8      | Found Qidghum's Weapon Shop.
  9690 | D:8      | Found Xestron's Book Shop.
  9838 | D:8      | 9838 ||| DRINKING 2 potions of curing.
  9838 | D:8      | 9838 ||| (to cure confusion)
  9844 | D:8      | Reached skill level 8 in Fighting
  9887 | D:8      | Found Zaelo's Distillery.
  9890 | D:8      | 9890 ||| BUYING potion of heal wounds (65 gold).
  9890 | D:8      | Bought a potion of heal wounds for 65 gold pieces
  9890 | D:8      | 9890 ||| BUYING potion of heal wounds (65 gold).
  9890 | D:8      | Bought a potion of heal wounds for 65 gold pieces
  9890 | D:8      | 9890 ||| BUYING potion of heal wounds (65 gold).
  9890 | D:8      | Bought a potion of heal wounds for 65 gold pieces
  9890 | D:8      | 9890 ||| BUYING potion of mutation (104 gold).
  9890 | D:8      | Bought a potion of mutation for 104 gold pieces
  9933 | D:8      | Found Qatulep's Antique Weapon Emporium.
  9941 | D:8      | 9941 ||| BUYING runed war axe (143 gold).
  9941 | D:8      | Bought a runed war axe for 143 gold pieces
  9941 | D:8      | 9941 ||| SWAPPING to +2 vampiric war axe.
  9942 | D:8      | 9942 ||| DROPPING +3 hand axe.
 10056 | D:8      | Found a runed translucent gate.
 10056 | D:8      | Found a runed translucent gate.
 10057 | D:8      | Found a runed translucent gate.
 10061 | D:8      | Noticed qw's ghost (journeyman GrBe)
 10064 | D:8      | 10064 ||| DROPPING scarf of shadows.
 10065 | D:8      | 10065 ||| READING 3 scrolls of identify.
 10065 | D:8      | 10065 ||| IDENTIFYING pink potion
 10066 | D:8      | 10066 ||| READING 2 scrolls of identify.
 10066 | D:8      | 10066 ||| IDENTIFYING fizzy brown potion
 10067 | D:8      | 10067 ||| DROPPING potion of magic.
 10068 | D:8      | 10068 ||| DROPPING potion of berserk rage.
 10143 | D:9      | Identified the +5 pair of gloves of Feral Amelioration
                  | {Int+4 SInv Stlth+}
 10202 | D:9      | 10202 ||| Stepping ~*~*~tactically~*~*~ (hiding).
 10208 | D:9      | 10208 ||| INVOKING Berserk.
 10356 | D:9      | 10356 ||| INVOKING Berserk.
 10478 | D:9      | 10478 ||| READING scroll of enchant armour.
 10478 | D:9      | 10478 ||| ENCHANTING +1 plate armour.
 10713 | D:9      | Found Vataemou's Book Boutique.
 10733 | D:9      | 10733 ||| UPGRADING to +5 pair of gloves of Feral
                  | Amelioration {Int+4 SInv Stlth+}.
 10738 | D:9      | 10738 ||| REMOVING ring of see invisible.
 10778 | D:10     | Entered Level 10 of the Dungeon
 10804 | D:10     | 10804 ||| Stepping ~*~*~tactically~*~*~ (hiding).
 10830 | D:10     | 10830 ||| INVOKING Berserk.
 10843 | D:10     | Noticed a deep elf pyromancer
 10849 | D:10     | Killed a deep elf pyromancer
 10875 | D:10     | 10875 ||| INVOKING Berserk.
 10904 | D:10     | Identified the ring of Surprise {Wiz rC++ Slay+3}
 10905 | D:10     | 10905 ||| Stepping ~*~*~tactically~*~*~ (stealth).
 10914 | D:10     | 10914 ||| FLEEEEING.
 10915 | D:10     | 10915 ||| INVOKING Berserk.
 10923 | D:10     | Identified the +5 long sword of Susualohig {flame, rN+}
 10924 | D:10     | Noticed a stone giant
 10925 | D:10     | Noticed a cyclops
 10927 | D:10     | Noticed a wizard
 10927 | D:10     | 10927 ||| INVOKING Trog's Hand.
 10938 | D:10     | HP: 14/88 [stone giant (25)]
 10939 | D:10     | 10939 ||| READING 3 scrolls of teleportation.
 10940 | D:10     | 10940 ||| DRINKING 5 potions of heal wounds.
 11032 | D:10     | 11032 ||| Stepping ~*~*~tactically~*~*~ (stealth).
 11035 | D:10     | 11035 ||| Stepping ~*~*~tactically~*~*~ (stealth).
 11060 | D:10     | 11060 ||| Stepping ~*~*~tactically~*~*~ (stealth).
 11072 | D:10     | Reached skill level 3 in Dodging
 11072 | D:10     | Reached XP level 11. HP: 94/94 MP: 10/10
 11117 | D:10     | 11117 ||| INVOKING Berserk.
 11245 | D:10     | 11245 ||| Stepping ~*~*~tactically~*~*~ (stealth).
 11331 | D:10     | 11331 ||| Stepping ~*~*~tactically~*~*~ (stealth).
 11389 | D:10     | Identified the amulet of Osogugg {Reflect Dex+4 SH+5 SInv}
 11411 | D:10     | 11411 ||| INVOKING Berserk.
 11420 | D:10     | Killed a stone giant
 11421 | D:10     | Reached skill level 15 in Axes
 11435 | D:10     | 11435 ||| Stepping ~*~*~tactically~*~*~ (stealth).
 11443 | D:10     | 11443 ||| Stepping ~*~*~tactically~*~*~ (stealth).
 11496 | D:10     | 11496 ||| Stepping ~*~*~tactically~*~*~ (stealth).
 11556 | D:10     | 11556 ||| Stepping ~*~*~tactically~*~*~ (hiding).
 11559 | D:10     | 11559 ||| INVOKING Berserk.
 11642 | D:10     | Noticed a two-headed ogre
 11645 | D:10     | 11645 ||| INVOKING Berserk.
 11649 | D:10     | Killed a two-headed ogre
 11650 | D:10     | Reached skill level 9 in Fighting
 11797 | D:10     | 11797 ||| INVOKING Berserk.
 11949 | D:10     | 11949 ||| Stepping ~*~*~tactically~*~*~ (hiding).
 11956 | D:10     | 11956 ||| INVOKING Berserk.
 12343 | D:10     | 12343 ||| UPGRADING to amulet of Osogugg {Reflect Dex+4
                  | SH+5 SInv}.
 12353 | D:10     | 12353 ||| DROPPING amulet of reflection.
 12354 | D:10     | 12354 ||| DROPPING ring of ice.
 12355 | D:10     | 12355 ||| UPGRADING to ring of Surprise {Wiz rC++ Slay+3}.
 12374 | D:11     | 12374 ||| Stepping ~*~*~tactically~*~*~ (stealth).
 12415 | D:11     | 12415 ||| INVOKING Berserk.
 12415 | D:11     | Noticed a two-headed ogre
 12426 | D:11     | Killed a two-headed ogre
 12497 | D:11     | Noticed a two-headed ogre
 12499 | D:11     | 12499 ||| INVOKING Berserk.
 12502 | D:11     | Killed a two-headed ogre
 12854 | D:11     | Noticed a two-headed ogre
 12857 | D:11     | 12857 ||| INVOKING Berserk.
 12858 | D:11     | Killed a two-headed ogre
 13016 | D:11     | Found a staircase to the Lair.
 13019 | D:11     | Reached XP level 12. HP: 103/104 MP: 11/11
 13023 | D:11     | Reached skill level 9 in Armour
 13033 | D:11     | Reached ***** piety under Trog
 13154 | D:11     | Found an opulent altar of Gozag.
 13218 | D:11     | 13218 ||| READING scroll of enchant armour.
 13218 | D:11     | 13218 ||| ENCHANTING +2 plate armour.
 13522 | D:11     | 13522 ||| PLANNING LAIR
 13522 | D:11     | 13522 ||| READING scroll labelled ZUVYCSU NUTSIE.
 13653 | Lair:1   | Entered Level 1 of the Lair of Beasts
 13663 | Lair:1   | Reached skill level 10 in Fighting
 13852 | Lair:1   | 13852 ||| Stepping ~*~*~tactically~*~*~ (stealth).
 13858 | Lair:1   | 13858 ||| Stepping ~*~*~tactically~*~*~ (stealth).
 13861 | Lair:1   | 13861 ||| Stepping ~*~*~tactically~*~*~ (stealth).
 13862 | Lair:1   | 13862 ||| Stepping ~*~*~tactically~*~*~ (stealth).
 13863 | Lair:1   | 13863 ||| Stepping ~*~*~tactically~*~*~ (stealth).
 13868 | Lair:1   | 13868 ||| Stepping ~*~*~tactically~*~*~ (stealth).
 13939 | Lair:1   | Noticed a four-headed hydra
 13940 | Lair:1   | 13940 ||| INVOKING Brothers in Arms.
 13942 | Lair:1   | 13942 ||| SWAPPING to +4 flail of protection.
 13944 | Lair:1   | 13944 ||| INVOKING Berserk.
 13949 | Lair:1   | Killed a four-headed hydra
 13959 | Lair:1   | 13959 ||| SWAPPING to +2 vampiric war axe.
 14287 | Lair:1   | 14287 ||| DROPPING +0 plate armour of cold resistance.
 14288 | Lair:1   | 14288 ||| DROPPING amulet of magic regeneration.
 14289 | Lair:1   | 14289 ||| UPGRADING to ring of willpower.
 14290 | Lair:1   | 14290 ||| READING 3 scrolls of identify.
 14290 | Lair:1   | 14290 ||| IDENTIFYING blue potion
 14291 | Lair:1   | 14291 ||| DROPPING potion of brilliance.
 14329 | Lair:2   | 14329 ||| STAIRDANCE
 14480 | Lair:2   | 14480 ||| Stepping ~*~*~tactically~*~*~ (stealth).
 14482 | Lair:2   | 14482 ||| INVOKING Berserk.
 14501 | Lair:2   | Reached skill level 11 in Fighting
 14614 | Lair:2   | Found a staircase to the Shoals.
 14719 | Lair:2   | Reached skill level 12 in Shields
 14756 | Lair:2   | 14756 ||| Stepping ~*~*~tactically~*~*~ (stealth).
 14778 | Lair:2   | 14778 ||| Stepping ~*~*~tactically~*~*~ (stealth).
 14908 | Lair:2   | 14908 ||| Stepping ~*~*~tactically~*~*~ (water).
 14914 | Lair:2   | Reached skill level 6 in Dodging
 14996 | Lair:2   | 14996 ||| Stepping ~*~*~tactically~*~*~ (stealth).
 15017 | Lair:2   | Reached XP level 13. HP: 117/117 MP: 12/12
 15403 | Lair:2   | 15403 ||| READING scroll labelled NIOMUCE TEMPA.
 15452 | Lair:3   | 15452 ||| INVOKING Berserk.
 15457 | Lair:3   | 15457 ||| INVOKING Brothers in Arms.
 15460 | Lair:3   | 15460 ||| SWAPPING to +4 flail of protection.
 15462 | Lair:3   | 15462 ||| Stepping ~*~*~tactically~*~*~ (outnumbered).
 15464 | Lair:3   | Reached skill level 12 in Fighting
 15468 | Lair:3   | 15468 ||| SWAPPING to +2 vampiric war axe.
 15565 | Lair:3   | 15565 ||| INVOKING Berserk.
 15614 | Lair:3   | 15614 ||| FLEEEEING.
 15615 | Lair:3   | 15615 ||| FLEEEEING.
 15616 | Lair:3   | 15616 ||| FLEEEEING.
 15617 | Lair:3   | 15617 ||| FLEEEEING.
 15618 | Lair:3   | 15618 ||| FLEEEEING.
 15619 | Lair:3   | 15619 ||| FLEEEEING.
 15620 | Lair:3   | 15620 ||| FLEEEEING.
 15621 | Lair:3   | 15621 ||| FLEEEEING.
 15622 | Lair:3   | 15622 ||| FLEEEEING.
 15623 | Lair:3   | 15623 ||| FLEEEEING.
 15624 | Lair:3   | 15624 ||| FLEEEEING.
 15625 | Lair:3   | 15625 ||| STAIRDANCE
 15728 | Lair:3   | 15728 ||| Stepping ~*~*~tactically~*~*~ (stealth).
 15731 | Lair:3   | 15731 ||| Stepping ~*~*~tactically~*~*~ (stealth).
 15737 | Lair:3   | 15737 ||| Stepping ~*~*~tactically~*~*~ (stealth).
 15742 | Lair:3   | 15742 ||| INVOKING Berserk.
 15761 | Lair:3   | 15761 ||| INVOKING Brothers in Arms.
 15836 | Lair:3   | 15836 ||| Stepping ~*~*~tactically~*~*~ (stealth).
 15840 | Lair:3   | 15840 ||| Stepping ~*~*~tactically~*~*~ (stealth).
 15842 | Lair:3   | 15842 ||| Stepping ~*~*~tactically~*~*~ (hiding).
 15843 | Lair:3   | 15843 ||| INVOKING Berserk.
 15846 | Lair:3   | Reached skill level 12 in Armour
 15878 | Lair:3   | 15878 ||| Stepping ~*~*~tactically~*~*~ (stealth).
 16057 | Lair:3   | 16057 ||| INVOKING Berserk.
 16066 | Lair:3   | Noticed Kirke
 16078 | Lair:3   | Killed Kirke
 16088 | Lair:3   | Reached skill level 13 in Fighting
 16170 | Lair:3   | 16170 ||| DROPPING +4 flail of protection.
 16333 | Lair:3   | Found a staircase to the Snake Pit.
 16392 | Lair:3   | Found a runed translucent gate.
 16393 | Lair:3   | Found a runed translucent gate.
 16394 | Lair:3   | Found a runed translucent gate.
 16395 | Lair:3   | Noticed qw's ghost (journeyman TrCA)
 16416 | Lair:3   | 16416 ||| Stepping ~*~*~tactically~*~*~ (stealth).
 16576 | Lair:3   | 16576 ||| INVOKING Berserk.
 16814 | Lair:3   | Found a viscous altar of Jiyva.
 16816 | Lair:3   | 16816 ||| READING scroll labelled NEIKICZORRU.
 16841 | Lair:4   | 16841 ||| INVOKING Brothers in Arms.
 16845 | Lair:4   | 16845 ||| INVOKING Berserk.
 16980 | Lair:4   | Found a frozen archway.
 17004 | Lair:4   | Identified the +2 chain mail "Ruaxkit" {rElec rN+ Dex-3
                  | Slay+2}
 17027 | Lair:4   | Noticed Rupert
 17028 | Lair:4   | 17028 ||| INVOKING Trog's Hand.
 17029 | Lair:4   | 17029 ||| INVOKING Brothers in Arms.
 17031 | Lair:4   | 17031 ||| INVOKING Berserk.
 17044 | Lair:4   | Killed Rupert
 17045 | Lair:4   | Reached skill level 6 in Throwing
 17219 | Lair:4   | 17219 ||| INVOKING Berserk.
 17383 | Lair:4   | 17383 ||| Stepping ~*~*~tactically~*~*~ (stealth).
 17388 | Lair:4   | 17388 ||| Stepping ~*~*~tactically~*~*~ (stealth).
 17389 | Lair:4   | 17389 ||| Stepping ~*~*~tactically~*~*~ (stealth).
 17408 | Lair:4   | Noticed Snorg
 17409 | Lair:4   | 17409 ||| Stepping ~*~*~tactically~*~*~ (stealth).
 17411 | Lair:4   | 17411 ||| INVOKING Brothers in Arms.
 17412 | Lair:4   | 17412 ||| INVOKING Berserk.
 17415 | Lair:4   | Killed Snorg
 17415 | Lair:4   | Noticed Sonja
 17422 | Lair:4   | Killed Sonja
 17481 | Lair:4   | 17481 ||| Stepping ~*~*~tactically~*~*~ (stealth).
 17591 | Lair:4   | Found a runed translucent door.
 17592 | Lair:4   | Noticed an azure jelly
 17595 | Lair:4   | Found a staircase to the Slime Pits.
 17595 | Lair:4   | Noticed an azure jelly
 17597 | Lair:4   | 17597 ||| Stepping ~*~*~tactically~*~*~ (stealth).
 17598 | Lair:4   | 17598 ||| Stepping ~*~*~tactically~*~*~ (stealth).
 17599 | Lair:4   | 17599 ||| Stepping ~*~*~tactically~*~*~ (stealth).
 17600 | Lair:4   | 17600 ||| Stepping ~*~*~tactically~*~*~ (stealth).
 17617 | Lair:4   | Reached XP level 14. HP: 126/129 MP: 13/13
 17622 | Lair:4   | 17622 ||| FLEEEEING.
 17623 | Lair:4   | 17623 ||| FLEEEEING.
 17627 | Lair:4   | 17627 ||| FLEEEEING.
 17628 | Lair:4   | 17628 ||| INVOKING Brothers in Arms.
 17630 | Lair:4   | 17630 ||| SWAPPING to +0 morningstar.
 17631 | Lair:4   | 17631 ||| INVOKING Berserk.
 17658 | Lair:4   | 17658 ||| SWAPPING to +2 vampiric war axe.
 18028 | Lair:4   | 18028 ||| DROPPING +2 chain mail "Ruaxkit" {rElec rN+ Dex-3
                  | Slay+2}.
 18029 | Lair:4   | 18029 ||| READING 7 scrolls of identify.
 18029 | Lair:4   | 18029 ||| IDENTIFYING emerald potion
 18044 | Lair:5   | Entered Level 5 of the Lair of Beasts
 18048 | Lair:5   | 18048 ||| INVOKING Berserk.
 18180 | Lair:5   | 18180 ||| INVOKING Brothers in Arms.
 18181 | Lair:5   | 18181 ||| INVOKING Brothers in Arms.
 18182 | Lair:5   | 18182 ||| INVOKING Brothers in Arms.
 18183 | Lair:5   | 18183 ||| SWAPPING to +0 morningstar.
 18184 | Lair:5   | 18184 ||| INVOKING Berserk.
 18190 | Lair:5   | 18190 ||| SWAPPING to +2 vampiric war axe.
 18408 | Lair:5   | 18408 ||| Stepping ~*~*~tactically~*~*~ (stealth).
 18423 | Lair:5   | Reached skill level 14 in Fighting
 18475 | Lair:5   | 18475 ||| Stepping ~*~*~tactically~*~*~ (stealth).
 18476 | Lair:5   | 18476 ||| Stepping ~*~*~tactically~*~*~ (stealth).
 18477 | Lair:5   | 18477 ||| Stepping ~*~*~tactically~*~*~ (stealth).
 18478 | Lair:5   | 18478 ||| Stepping ~*~*~tactically~*~*~ (stealth).
 18481 | Lair:5   | 18481 ||| Stepping ~*~*~tactically~*~*~ (stealth).
 18482 | Lair:5   | 18482 ||| INVOKING Brothers in Arms.
 18483 | Lair:5   | 18483 ||| SWAPPING to +0 morningstar.
 18484 | Lair:5   | 18484 ||| INVOKING Berserk.
 18623 | Lair:5   | 18623 ||| SWAPPING to +2 vampiric war axe.
 18691 | Lair:5   | 18691 ||| Stepping ~*~*~tactically~*~*~ (hiding).
 18710 | Lair:5   | 18710 ||| Stepping ~*~*~tactically~*~*~ (stealth).
 18713 | Lair:5   | 18713 ||| Stepping randomly (cloudy).
 18714 | Lair:5   | 18714 ||| Stepping randomly (cloudy).
 18715 | Lair:5   | 18715 ||| FLEEEEING.
 18716 | Lair:5   | 18716 ||| FLEEEEING.
 18722 | Lair:5   | 18722 ||| FLEEEEING.
 18723 | Lair:5   | 18723 ||| FLEEEEING.
 18724 | Lair:5   | 18724 ||| FLEEEEING.
 18725 | Lair:5   | 18725 ||| FLEEEEING.
 18727 | Lair:5   | 18727 ||| FLEEEEING.
 18728 | Lair:5   | 18728 ||| STAIRDANCE
 18814 | Lair:5   | 18814 ||| Stepping ~*~*~tactically~*~*~ (cloud).
 19041 | Lair:5   | 19041 ||| Stepping ~*~*~tactically~*~*~ (hiding).
 19042 | Lair:5   | 19042 ||| Stepping ~*~*~tactically~*~*~ (hiding).
 19057 | Lair:5   | 19057 ||| INVOKING Brothers in Arms.
 19065 | Lair:5   | 19065 ||| SWAPPING to +0 morningstar.
 19066 | Lair:5   | 19066 ||| SWAPPING to +2 vampiric war axe.
 19117 | Lair:5   | Found a large runed translucent door.
 19117 | Lair:5   | Found a large runed translucent door.
 19119 | Lair:5   | 19119 ||| Stepping ~*~*~tactically~*~*~ (hiding).
 19140 | Lair:5   | 19140 ||| Stepping ~*~*~tactically~*~*~ (stealth).
 19187 | Lair:5   | 19187 ||| FLEEEEING.
 19224 | Lair:5   | 19224 ||| Stepping ~*~*~tactically~*~*~ (stealth).
 19226 | Lair:5   | 19226 ||| Stepping ~*~*~tactically~*~*~ (stealth).
 19447 | Lair:5   | 19447 ||| Stepping ~*~*~tactically~*~*~ (stealth).
 19496 | Lair:5   | 19496 ||| INVOKING Berserk.
 20167 | Lair:5   | 20167 ||| PLANNING D
 20347 | D:12     | 20347 ||| STAIRDANCE
 20354 | D:12     | 20354 ||| STAIRDANCE
 20360 | D:12     | 20360 ||| STAIRDANCE
 20391 | D:12     | 20391 ||| Stepping ~*~*~tactically~*~*~ (hiding).
 20392 | D:12     | 20392 ||| Stepping ~*~*~tactically~*~*~ (hiding).
 20431 | D:12     | 20431 ||| INVOKING Berserk.
 20480 | D:12     | 20480 ||| FLEEEEING.
 20674 | D:12     | 20674 ||| Stepping ~*~*~tactically~*~*~ (hiding).
 20783 | D:12     | Found a staircase to the Orcish Mines.
 20808 | D:12     | 20808 ||| Stepping ~*~*~tactically~*~*~ (stealth).
 20817 | D:12     | 20817 ||| INVOKING Berserk.
 20830 | D:12     | Reached skill level 15 in Fighting
 21281 | D:13     | Identified the ring "Oleeg" {rElec rF- Dex+6 Slay+5 Stlth+}
 21442 | D:13     | 21442 ||| Stepping ~*~*~tactically~*~*~ (hiding).
 21476 | D:13     | Reached XP level 15. HP: 141/141 MP: 14/14
 21495 | D:13     | Reached skill level 9 in Throwing
 21501 | D:13     | Found a gate to the Vaults.
 21636 | D:13     | 21636 ||| Stepping ~*~*~tactically~*~*~ (hiding).
 21954 | D:13     | 21954 ||| INVOKING Brothers in Arms.
 21956 | D:13     | 21956 ||| SWAPPING to +0 morningstar.
 21958 | D:13     | Reached skill level 15 in Shields
 21958 | D:13     | 21958 ||| SWAPPING to +2 vampiric war axe.
 21979 | D:13     | 21979 ||| DROPPING ring of ice.
 21980 | D:13     | 21980 ||| UPGRADING to ring "Oleeg" {rElec rF- Dex+6 Slay+5
                  | Stlth+}.
 22015 | D:14     | 22015 ||| Stepping ~*~*~tactically~*~*~ (stealth).
 22092 | D:14     | 22092 ||| READING scroll of enchant armour.
 22092 | D:14     | 22092 ||| ENCHANTING +3 plate armour.
 22311 | D:14     | 22311 ||| Stepping ~*~*~tactically~*~*~ (hiding).
 22480 | D:14     | Reached skill level 9 in Dodging
 22554 | D:14     | 22554 ||| Stepping ~*~*~tactically~*~*~ (stealth).
 22555 | D:14     | 22555 ||| Stepping ~*~*~tactically~*~*~ (stealth).
 22614 | D:14     | 22614 ||| READING scroll of enchant armour.
 22614 | D:14     | 22614 ||| ENCHANTING +4 plate armour.
 22838 | D:14     | 22838 ||| Stepping ~*~*~tactically~*~*~ (hiding).
 23044 | D:14     | 23044 ||| READING scroll labelled ANASANO HIUF.
 23145 | D:14     | 23145 ||| READING scroll labelled FAS FIEZULA.
 23175 | D:15     | Entered Level 15 of the Dungeon
 23176 | D:15     | 23176 ||| STAIRDANCE
 23248 | D:15     | 23248 ||| Stepping ~*~*~tactically~*~*~ (hiding).
 23256 | D:15     | 23256 ||| INVOKING Trog's Hand.
 23257 | D:15     | 23257 ||| INVOKING Berserk.
 23260 | D:15     | Reached skill level 16 in Fighting
 23415 | D:15     | 23415 ||| Stepping ~*~*~tactically~*~*~ (hiding).
 23456 | D:15     | 23456 ||| Stepping ~*~*~tactically~*~*~ (hiding).
 23502 | D:15     | 23502 ||| Stepping ~*~*~tactically~*~*~ (hiding).
 23522 | D:15     | 23522 ||| INVOKING Berserk.
 23545 | D:15     | 23545 ||| INVOKING Brothers in Arms.
 23549 | D:15     | Reached skill level 15 in Armour
 23558 | D:15     | Found a staircase to the Depths.
 23567 | D:15     | HP: 32/144 [efreet/fireball (36)]
 23568 | D:15     | 23568 ||| READING 6 scrolls of teleportation.
 23568 | D:15     | HP: 3/144 [efreet/bolt of fire (30)]
 23569 | D:15     | 23569 ||| DRINKING 8 potions of heal wounds.
 23570 | D:15     | 23570 ||| INVOKING Brothers in Arms.
 23570 | D:15     | HP: 1/144 [efreet/fireball (37)]
 23571 | D:15     | 23571 ||| READING 5 scrolls of teleportation.
 23572 | D:15     | 23572 ||| DRINKING 7 potions of heal wounds.
 23926 | D:15     | 23926 ||| Stepping ~*~*~tactically~*~*~ (hiding).
 23927 | D:15     | 23927 ||| Stepping ~*~*~tactically~*~*~ (hiding).
 23932 | D:15     | 23932 ||| INVOKING Berserk.
 24107 | D:15     | Found a glowing golden altar of the Shining One.
 24107 | D:15     | Found a glowing silver altar of Zin.
 24107 | D:15     | Found a white marble altar of Elyvilon.
 24138 | D:15     | 24138 ||| INVOKING Berserk.
 24295 | D:15     | 24295 ||| Stepping ~*~*~tactically~*~*~ (hiding).
 24296 | D:15     | 24296 ||| Stepping ~*~*~tactically~*~*~ (hiding).
 24418 | D:15     | 24418 ||| INVOKING Berserk.
 24862 | D:15     | 24862 ||| PLANNING ORC
 24945 | Orc:1    | Entered Level 1 of the Orcish Mines
 24947 | Orc:1    | Found Avai's General Store.
 24992 | Orc:1    | 24992 ||| BUYING potion of cancellation (88 gold).
 24992 | Orc:1    | Bought a potion of cancellation for 88 gold pieces
 24992 | Orc:1    | 24992 ||| BUYING scroll of teleportation (33 gold).
 24992 | Orc:1    | Bought a scroll of teleportation for 33 gold pieces
 25034 | Orc:1    | Received a gift from Trog
 25080 | Orc:1    | 25080 ||| DROPPING +0 morningstar.
 25185 | Orc:1    | Found Xastromm's Antique Armour Boutique.
 25188 | Orc:1    | 25188 ||| Stepping ~*~*~tactically~*~*~ (stealth).
 25189 | Orc:1    | 25189 ||| Stepping ~*~*~tactically~*~*~ (stealth).
 25191 | Orc:1    | 25191 ||| Stepping ~*~*~tactically~*~*~ (hiding).
 25192 | Orc:1    | 25192 ||| Stepping ~*~*~tactically~*~*~ (hiding).
 25199 | Orc:1    | 25199 ||| Stepping ~*~*~tactically~*~*~ (hiding).
 25222 | Orc:1    | 25222 ||| INVOKING Berserk.
 25277 | Orc:1    | Found Mydash's Assorted Antiques.
 25408 | Orc:1    | 25408 ||| BUYING potion of curing (75 gold).
 25408 | Orc:1    | Bought a potion of curing for 75 gold pieces
 25408 | Orc:1    | 25408 ||| BUYING scroll of teleportation (75 gold).
 25408 | Orc:1    | Bought a scroll of teleportation for 75 gold pieces
 25565 | Orc:2    | Entered Level 2 of the Orcish Mines
 25566 | Orc:2    | 25566 ||| PLANNING GAUNTLET
 25566 | Orc:2    | 25566 ||| STAIRDANCE
 25575 | Orc:2    | 25575 ||| STAIRDANCE
 25583 | Orc:2    | 25583 ||| STAIRDANCE
 25598 | Orc:2    | 25598 ||| STAIRDANCE
 25602 | Orc:2    | 25602 ||| STAIRDANCE
 25604 | Orc:1    | 25604 ||| INVOKING Trog's Hand.
 25605 | Orc:1    | 25605 ||| INVOKING Berserk.
 25715 | Orc:2    | 25715 ||| STAIRDANCE
 25720 | Orc:2    | 25720 ||| STAIRDANCE
 25726 | Orc:2    | 25726 ||| STAIRDANCE
 25763 | Orc:2    | 25763 ||| STAIRDANCE
 25809 | Orc:2    | 25809 ||| STAIRDANCE
 25827 | Orc:2    | 25827 ||| FLEEEEING.
 25829 | Orc:2    | 25829 ||| FLEEEEING.
 25830 | Orc:2    | 25830 ||| STAIRDANCE
 25975 | Orc:2    | 25975 ||| Stepping ~*~*~tactically~*~*~ (hiding).
 25990 | Orc:2    | 25990 ||| INVOKING Berserk.
 25998 | Orc:2    | Reached skill level 17 in Fighting
 26014 | Orc:2    | Found Vuotz's Magic Scroll Shop.
 26014 | Orc:2    | Found Byep's General Store.
 26015 | Orc:2    | 26015 ||| INVOKING Brothers in Arms.
 26033 | Orc:2    | 26033 ||| RIP GAUNTLET
 26066 | Orc:2    | 26066 ||| PLANNING ORC
 26127 | Orc:2    | 26127 ||| STAIRDANCE
 26129 | Orc:1    | 26129 ||| INVOKING Berserk.
 26243 | Orc:2    | 26243 ||| STAIRDANCE
 26248 | Orc:2    | 26248 ||| STAIRDANCE
 26254 | Orc:2    | 26254 ||| INVOKING Trog's Hand.
 26256 | Orc:2    | 26256 ||| INVOKING Berserk.
 26266 | Orc:2    | Reached XP level 16. HP: 155/155 MP: 15/15
 26420 | Orc:2    | Found Yveomin's General Store.
 26422 | Orc:2    | Found Musch's Armour Boutique.
 26426 | Orc:2    | 26426 ||| BUYING scroll of enchant weapon (105 gold).
 26426 | Orc:2    | Bought a scroll of enchant weapon for 105 gold pieces
 26426 | Orc:2    | 26426 ||| BUYING scroll of teleportation (42 gold).
 26426 | Orc:2    | Bought a scroll of teleportation for 42 gold pieces
 26426 | Orc:2    | 26426 ||| BUYING scroll of teleportation (42 gold).
 26426 | Orc:2    | Bought a scroll of teleportation for 42 gold pieces
 26426 | Orc:2    | 26426 ||| READING scroll of enchant weapon.
 26426 | Orc:2    | 26426 ||| ENCHANTING +2 vampiric war axe.
 26428 | Orc:2    | 26428 ||| BUYING potion of haste (160 gold).
 26428 | Orc:2    | Bought a potion of haste for 160 gold pieces
 26428 | Orc:2    | 26428 ||| BUYING scroll of enchant weapon (120 gold).
 26428 | Orc:2    | Bought a scroll of enchant weapon for 120 gold pieces
 26428 | Orc:2    | 26428 ||| READING scroll of enchant weapon.
 26428 | Orc:2    | 26428 ||| ENCHANTING +3 vampiric war axe.
 26436 | Orc:2    | 26436 ||| BUYING +2 plate armour of fire resistance (520
                  | gold).
 26436 | Orc:2    | Bought a +2 plate armour of fire resistance for 520 gold
                  | pieces
 26455 | Orc:2    | 26455 ||| Stepping ~*~*~tactically~*~*~ (stealth).
 26457 | Orc:2    | 26457 ||| Stepping ~*~*~tactically~*~*~ (hiding).
 26464 | Orc:2    | 26464 ||| Stepping ~*~*~tactically~*~*~ (hiding).
 26465 | Orc:2    | 26465 ||| Stepping ~*~*~tactically~*~*~ (hiding).
 26472 | Orc:2    | 26472 ||| INVOKING Berserk.
 26669 | Orc:2    | Found a staircase to the Elven Halls.
 26942 | Orc:1    | Found Goshrubba's Armour Shoppe.
 26951 | Orc:1    | 26951 ||| Stepping ~*~*~tactically~*~*~ (stealth).
 26955 | Orc:1    | 26955 ||| Stepping ~*~*~tactically~*~*~ (stealth).
 26956 | Orc:1    | 26956 ||| Stepping ~*~*~tactically~*~*~ (stealth).
 26995 | Orc:1    | Received a gift from Trog
 26997 | Orc:1    | 26997 ||| DROPPING +3 hand axe of flaming.
 27083 | Orc:1    | 27083 ||| PLANNING SHOALS:1-3
 27202 | Shoals:1 | Entered Level 1 of the Shoals
 27228 | Shoals:1 | 27228 ||| READING scroll of enchant armour.
 27228 | Shoals:1 | 27228 ||| ENCHANTING +5 plate armour.
 27273 | Shoals:1 | Found Zoyxischu's Weapon Boutique.
 27322 | Shoals:1 | 27322 ||| Stepping ~*~*~tactically~*~*~ (hiding).
 27454 | Shoals:1 | 27454 ||| Stepping ~*~*~tactically~*~*~ (hiding).
 27456 | Shoals:1 | 27456 ||| Stepping ~*~*~tactically~*~*~ (hiding).
 27567 | Shoals:1 | 27567 ||| Stepping ~*~*~tactically~*~*~ (hiding).
 27573 | Shoals:1 | 27573 ||| INVOKING Trog's Hand.
 27574 | Shoals:1 | 27574 ||| INVOKING Brothers in Arms.
 27575 | Shoals:1 | 27575 ||| INVOKING Berserk.
 27728 | Shoals:1 | 27728 ||| Stepping ~*~*~tactically~*~*~ (water).
 27750 | Shoals:1 | 27750 ||| Stepping ~*~*~tactically~*~*~ (water).
 27932 | Shoals:1 | 27932 ||| INVOKING Berserk.
 28286 | Shoals:2 | 28286 ||| INVOKING Trog's Hand.
 28295 | Shoals:2 | Noticed Frances
 28308 | Shoals:2 | 28308 ||| Stepping ~*~*~tactically~*~*~ (water).
 28316 | Shoals:2 | 28316 ||| Stepping ~*~*~tactically~*~*~ (water).
 28317 | Shoals:2 | Killed Frances
 28319 | Shoals:2 | 28319 ||| INVOKING Trog's Hand.
 28321 | Shoals:2 | Noticed Polyphemus
 28341 | Shoals:2 | Reached skill level 18 in Fighting
 28341 | Shoals:2 | 28341 ||| DRINKING potion of cancellation.
 28342 | Shoals:2 | 28342 ||| Stepping ~*~*~tactically~*~*~ (cloud).
 28351 | Shoals:2 | 28351 ||| Stepping ~*~*~tactically~*~*~ (cloud).
 28353 | Shoals:2 | 28353 ||| Stepping ~*~*~tactically~*~*~ (cloud).
 28364 | Shoals:2 | 28364 ||| INVOKING Trog's Hand.
 28367 | Shoals:2 | 28367 ||| INVOKING Berserk.
 28373 | Shoals:2 | Killed Polyphemus
 28519 | Shoals:2 | Identified the +9 short sword of Instant Death {freeze,
                  | rPois rF+ Int+4 SInv}
 28533 | Shoals:2 | 28533 ||| INVOKING Berserk.
 28667 | Shoals:2 | Noticed a kraken
 28691 | Shoals:2 | Killed a kraken
 28692 | Shoals:2 | Reached skill level 12 in Dodging
 28729 | Shoals:2 | 28729 ||| Stepping ~*~*~tactically~*~*~ (hiding).
 28733 | Shoals:2 | 28733 ||| INVOKING Trog's Hand.
 29283 | Shoals:2 | 29283 ||| Stepping ~*~*~tactically~*~*~ (hiding).
 29458 | Shoals:3 | 29458 ||| Stepping ~*~*~tactically~*~*~ (hiding).
 29566 | Shoals:3 | 29566 ||| INVOKING Berserk.
 29750 | Shoals:3 | 29750 ||| INVOKING Trog's Hand.
 29751 | Shoals:3 | 29751 ||| INVOKING Brothers in Arms.
 29779 | Shoals:3 | 29779 ||| INVOKING Berserk.
 29791 | Shoals:3 | 29791 ||| Stepping ~*~*~tactically~*~*~ (water).
 29792 | Shoals:3 | 29792 ||| FLEEEEING.
 29793 | Shoals:3 | 29793 ||| FLEEEEING.
 29794 | Shoals:3 | 29794 ||| FLEEEEING.
 29847 | Shoals:3 | 29847 ||| Stepping ~*~*~tactically~*~*~ (stealth).
 29910 | Shoals:3 | 29910 ||| Stepping ~*~*~tactically~*~*~ (hiding).
 30027 | Shoals:3 | 30027 ||| Stepping ~*~*~tactically~*~*~ (water).
 30039 | Shoals:3 | 30039 ||| Stepping ~*~*~tactically~*~*~ (hiding).
 30047 | Shoals:3 | Reached XP level 17. HP: 157/165 MP: 16/16
 30118 | Shoals:3 | Noticed a kraken
 30129 | Shoals:3 | Killed a kraken
 30274 | Shoals:3 | 30274 ||| Stepping ~*~*~tactically~*~*~ (hiding).
 30377 | Shoals:3 | 30377 ||| Stepping ~*~*~tactically~*~*~ (stealth).
 30379 | Shoals:3 | 30379 ||| Stepping ~*~*~tactically~*~*~ (hiding).
 30385 | Shoals:3 | 30385 ||| INVOKING Berserk.
 30510 | Shoals:3 | 30510 ||| Stepping ~*~*~tactically~*~*~ (hiding).
 30615 | Shoals:3 | 30615 ||| PLANNING SNAKE:1-3
 30700 | Snake:1  | Entered Level 1 of the Snake Pit
 30746 | Snake:1  | 30746 ||| Stepping ~*~*~tactically~*~*~ (hiding).
 30850 | Snake:1  | Found Waegg's Book Emporium.
 30852 | Snake:1  | Found Fiewyo's Assorted Antiques.
 30852 | Snake:1  | Found Jomeros's General Store.
 30857 | Snake:1  | Found Viwal's Distillery.
 30863 | Snake:1  | 30863 ||| BUYING 2 potions of heal wounds (120 gold).
 30863 | Snake:1  | Bought 2 potions of heal wounds for 120 gold pieces
 30863 | Snake:1  | 30863 ||| BUYING potion of curing (36 gold).
 30863 | Snake:1  | Bought a potion of curing for 36 gold pieces
 30863 | Snake:1  | 30863 ||| BUYING potion of curing (36 gold).
 30863 | Snake:1  | Bought a potion of curing for 36 gold pieces
 30863 | Snake:1  | 30863 ||| BUYING potion of heal wounds (60 gold).
 30863 | Snake:1  | Bought a potion of heal wounds for 60 gold pieces
 30863 | Snake:1  | 30863 ||| BUYING potion of heal wounds (60 gold).
 30863 | Snake:1  | Bought a potion of heal wounds for 60 gold pieces
 30964 | Snake:1  | 30964 ||| Stepping ~*~*~tactically~*~*~ (hiding).
 31341 | Snake:2  | Reached skill level 19 in Fighting
 31412 | Snake:2  | 31412 ||| Stepping ~*~*~tactically~*~*~ (hiding).
 31459 | Snake:2  | 31459 ||| INVOKING Berserk.
 31646 | Snake:2  | 31646 ||| Stepping ~*~*~tactically~*~*~ (stealth).
 31663 | Snake:2  | 31663 ||| Stepping ~*~*~tactically~*~*~ (hiding).
 31674 | Snake:2  | 31674 ||| Stepping ~*~*~tactically~*~*~ (hiding).
 31690 | Snake:2  | 31690 ||| INVOKING Berserk.
 31927 | Snake:2  | 31927 ||| Stepping ~*~*~tactically~*~*~ (hiding).
 31987 | Snake:2  | 31987 ||| Stepping ~*~*~tactically~*~*~ (stealth).
 32041 | Snake:2  | 32041 ||| Stepping ~*~*~tactically~*~*~ (hiding).
 32162 | Snake:2  | 32162 ||| Stepping ~*~*~tactically~*~*~ (stealth).
 32424 | Snake:2  | Reached skill level 18 in Armour
 32432 | Snake:2  | 32432 ||| UPGRADING to +0 tower shield.
 32442 | Snake:2  | 32442 ||| DROPPING +0 kite shield.
 32463 | Snake:3  | 32463 ||| Stepping ~*~*~tactically~*~*~ (hiding).
 32679 | Snake:3  | 32679 ||| Stepping ~*~*~tactically~*~*~ (hiding).
 32789 | Snake:3  | 32789 ||| INVOKING Berserk.
 32974 | Snake:3  | Found Ygoliqyx's Jewellery Boutique.
 32975 | Snake:3  | Found Radyblis's Book Shoppe.
 32975 | Snake:3  | Found Meini's Book Shoppe.
 32982 | Snake:3  | 32982 ||| SHOPLISTING +6 ring of strength (504 gold, have
                  | 464).
 32982 | Snake:3  | 32982 ||| BUYING ring of poison resistance (280 gold).
 32982 | Snake:3  | Bought a ring of poison resistance for 280 gold pieces
 32982 | Snake:3  | 32982 ||| SHOPLISTING ring of protection from cold (350
                  | gold, have 184).
 33018 | Snake:3  | 33018 ||| Stepping ~*~*~tactically~*~*~ (hiding).
 33019 | Snake:3  | 33019 ||| Stepping ~*~*~tactically~*~*~ (hiding).
 33020 | Snake:3  | 33020 ||| Stepping ~*~*~tactically~*~*~ (hiding).
 33022 | Snake:3  | 33022 ||| Stepping ~*~*~tactically~*~*~ (hiding).
 33039 | Snake:3  | Identified the +2 leather armour of the Boiling Point
                  | {rPois}
 33040 | Snake:3  | 33040 ||| Stepping ~*~*~tactically~*~*~ (hiding).
 33054 | Snake:3  | Reached skill level 18 in Shields
 33107 | Snake:3  | 33107 ||| PLANNING SHOALS:4
 33300 | Shoals:4 | Entered Level 4 of the Shoals
 33303 | Shoals:4 | 33303 ||| INVOKING Trog's Hand.
 33375 | Shoals:4 | 33375 ||| Stepping ~*~*~tactically~*~*~ (water).
 33405 | Shoals:4 | Received a gift from Trog
 33483 | Shoals:4 | 33483 ||| INVOKING Trog's Hand.
 33508 | Shoals:4 | Identified the +7 war axe of Dedoud {pain, Int+7}
 33514 | Shoals:4 | 33514 ||| INVOKING Brothers in Arms.
 33518 | Shoals:4 | 33518 ||| INVOKING Berserk.
 33659 | Shoals:4 | 33659 ||| INVOKING Berserk.
 33671 | Shoals:4 | Noticed Donald
 33672 | Shoals:4 | 33672 ||| INVOKING Brothers in Arms.
 33677 | Shoals:4 | HP: 26/168 [Donald/+1 broad axe of flaming (36)]
 33678 | Shoals:4 | 33678 ||| READING 9 scrolls of teleportation.
 33678 | Shoals:4 | HP: 12/168 [merfolk impaler/+0 trident of pain (2)]
 33678 | Shoals:4 | HP: 5/168 [merfolk/+0 trident (7)]
 33679 | Shoals:4 | 33679 ||| DRINKING 12 potions of heal wounds.
 33680 | Shoals:4 | 33680 ||| READING 8 scrolls of teleportation.
 33681 | Shoals:4 | 33681 ||| DRINKING 11 potions of heal wounds.
 33685 | Shoals:4 | 33685 ||| INVOKING Brothers in Arms.
 33708 | Shoals:4 | 33708 ||| INVOKING Brothers in Arms.
 33710 | Shoals:4 | 33710 ||| INVOKING Berserk.
 33721 | Shoals:4 | 33721 ||| Stepping ~*~*~tactically~*~*~ (water).
 33727 | Shoals:4 | HP: 37/168 [merfolk/+0 trident (8)]
 33728 | Shoals:4 | 33728 ||| READING 7 scrolls of teleportation.
 33729 | Shoals:4 | 33729 ||| DRINKING 10 potions of heal wounds.
 33803 | Shoals:4 | 33803 ||| FLEEEEING.
 33803 | Shoals:4 | Found a runed translucent door.
 33803 | Shoals:4 | Found a shimmering altar of Xom.
 33803 | Shoals:4 | Noticed qw's ghost (adept MiFi)
 33803 | Shoals:4 | Found the +0 staff of Battle
 33804 | Shoals:4 | 33804 ||| FLEEEEING.
 33805 | Shoals:4 | 33805 ||| FLEEEEING.
 33806 | Shoals:4 | 33806 ||| FLEEEEING.
 33807 | Shoals:4 | 33807 ||| FLEEEEING.
 33808 | Shoals:4 | 33808 ||| FLEEEEING.
 33809 | Shoals:4 | 33809 ||| FLEEEEING.
 33821 | Shoals:4 | 33821 ||| FLEEEEING.
 33822 | Shoals:4 | 33822 ||| FLEEEEING.
 33823 | Shoals:4 | 33823 ||| FLEEEEING.
 33824 | Shoals:4 | 33824 ||| FLEEEEING.
 33825 | Shoals:4 | 33825 ||| FLEEEEING.
 33960 | Shoals:4 | 33960 ||| INVOKING Berserk.
 34131 | Shoals:4 | 34131 ||| INVOKING Berserk.
 34264 | Shoals:4 | Got a barnacled rune of Zot
 34293 | Shoals:4 | Noticed Mara
 34295 | Shoals:4 | Noticed qw's illusion
 34297 | Shoals:4 | 34297 ||| INVOKING Berserk.
 34301 | Shoals:4 | Reached XP level 18. HP: 176/176 MP: 17/17
 34319 | Shoals:4 | 34319 ||| INVOKING Brothers in Arms.
 34320 | Shoals:4 | 34320 ||| Stepping ~*~*~tactically~*~*~ (water).
 34326 | Shoals:4 | Noticed qw's illusion
 34326 | Shoals:4 | 34326 ||| Stepping ~*~*~tactically~*~*~ (water).
 34343 | Shoals:4 | Killed Mara
 34375 | Shoals:4 | 34375 ||| Stepping ~*~*~tactically~*~*~ (stealth).
 34385 | Shoals:4 | 34385 ||| FLEEEEING.
 34387 | Shoals:4 | 34387 ||| Stepping ~*~*~tactically~*~*~ (hiding).
 34389 | Shoals:4 | 34389 ||| Stepping ~*~*~tactically~*~*~ (stealth).
 34392 | Shoals:4 | 34392 ||| INVOKING Berserk.
 34488 | Shoals:4 | 34488 ||| DROPPING +1 broad axe of flaming.
 34546 | Shoals:4 | 34546 ||| Stepping ~*~*~tactically~*~*~ (hiding).
 34598 | Shoals:4 | Killed Donald
 34611 | Shoals:4 | 34611 ||| INVOKING Berserk.
 34613 | Shoals:4 | Identified the ring "Vicah" {rPois rCorr Dex-2 Slay+4}
 34630 | Shoals:4 | 34630 ||| INVOKING Brothers in Arms.
 34676 | Shoals:4 | 34676 ||| INVOKING Berserk.
 34807 | Shoals:4 | 34807 ||| INVOKING Trog's Hand.
 34812 | Shoals:4 | 34812 ||| INVOKING Berserk.
 34903 | Shoals:4 | 34903 ||| Stepping ~*~*~tactically~*~*~ (stealth).
 34904 | Shoals:4 | 34904 ||| Stepping ~*~*~tactically~*~*~ (stealth).
 34913 | Shoals:4 | 34913 ||| Stepping ~*~*~tactically~*~*~ (stealth).
 34914 | Shoals:4 | 34914 ||| Stepping ~*~*~tactically~*~*~ (stealth).
 34917 | Shoals:4 | 34917 ||| INVOKING Berserk.
 35309 | Shoals:4 | 35309 ||| PLANNING VAULTS:1-4
 35309 | Shoals:4 | 35309 ||| DROPPING ring of willpower.
 35428 | Vaults:1 | Entered Level 1 of the Vaults
 35430 | Vaults:1 | Identified the +5 mace of Devotion {speed, rElec rPois
                  | Str+5 Dex-4}
 35455 | Vaults:1 | 35455 ||| Stepping ~*~*~tactically~*~*~ (stealth).
 35463 | Vaults:1 | 35463 ||| INVOKING Trog's Hand.
 35567 | Abyss:2  | Cast into level 2 of the Abyss (a wizard)
 35635 | Abyss:2  | 35635 ||| Stepping ~*~*~tactically~*~*~ (stealth).
 35666 | Abyss:2  | 35666 ||| INVOKING Trog's Hand.
 35690 | Abyss:2  | 35690 ||| Stepping ~*~*~tactically~*~*~ (hiding).
 35696 | Abyss:2  | Noticed a profane servitor
 35717 | Abyss:2  | 35717 ||| INVOKING Berserk.
 35720 | Abyss:2  | Killed a profane servitor
 35730 | Abyss:2  | 35730 ||| Stepping ~*~*~tactically~*~*~ (stealth).
 35731 | Abyss:2  | 35731 ||| INVOKING Trog's Hand.
 35757 | Abyss:2  | 35757 ||| INVOKING Trog's Hand.
 35779 | Abyss:2  | 35779 ||| INVOKING Berserk.
 35782 | Abyss:2  | HP: 62/264 [balrug/bolt of fire (13)]
 35801 | Abyss:2  | HP: 35/140 [wretched star/lance of force (6)]
 35802 | Abyss:2  | 35802 ||| READING 8 scrolls of teleportation.
 35803 | Abyss:2  | 35803 ||| DRINKING 9 potions of heal wounds.
 35806 | Vaults:1 | Escaped the Abyss
 35810 | Vaults:1 | 35810 ||| INVOKING Trog's Hand.
 36099 | Vaults:1 | Reached skill level 20 in Fighting
 36129 | Vaults:1 | 36129 ||| Stepping ~*~*~tactically~*~*~ (stealth).
 36132 | Vaults:1 | 36132 ||| INVOKING Berserk.
 36311 | Vaults:1 | 36311 ||| Stepping ~*~*~tactically~*~*~ (hiding).
 36313 | Vaults:1 | 36313 ||| INVOKING Berserk.
 36441 | Vaults:1 | 36441 ||| INVOKING Trog's Hand.
 36450 | Vaults:1 | 36450 ||| Stepping ~*~*~tactically~*~*~ (hiding).
 36451 | Vaults:1 | 36451 ||| Stepping ~*~*~tactically~*~*~ (hiding).
 36668 | Vaults:1 | 36668 ||| INVOKING Trog's Hand.
 36781 | Vaults:1 | 36781 ||| Stepping ~*~*~tactically~*~*~ (hiding).
 36782 | Vaults:1 | 36782 ||| Stepping ~*~*~tactically~*~*~ (hiding).
 36787 | Vaults:1 | 36787 ||| Stepping ~*~*~tactically~*~*~ (hiding).
 36822 | Vaults:1 | 36822 ||| Stepping ~*~*~tactically~*~*~ (hiding).
 36851 | Vaults:1 | 36851 ||| Stepping ~*~*~tactically~*~*~ (hiding).
 36923 | Vaults:1 | Reached XP level 19. HP: 185/185 MP: 18/18
 37032 | Vaults:1 | 37032 ||| INVOKING Trog's Hand.
 37301 | Vaults:1 | 37301 ||| Stepping ~*~*~tactically~*~*~ (hiding).
 37304 | Vaults:1 | 37304 ||| INVOKING Trog's Hand.
 37430 | Vaults:2 | 37430 ||| PLANNING DESOLATION
 37430 | Vaults:2 | 37430 ||| STAIRDANCE
 37479 | Vaults:2 | 37479 ||| Stepping ~*~*~tactically~*~*~ (stealth).
 37482 | Vaults:2 | 37482 ||| Stepping ~*~*~tactically~*~*~ (stealth).
 37485 | Vaults:2 | 37485 ||| Stepping ~*~*~tactically~*~*~ (stealth).
 37494 | Vaults:2 | Reached skill level 21 in Shields
 37555 | Vaults:2 | 37555 ||| Stepping ~*~*~tactically~*~*~ (stealth).
 37556 | Vaults:2 | 37556 ||| Stepping ~*~*~tactically~*~*~ (hiding).
 37658 | Vaults:2 | Found a crumbling gateway.
 37678 | Vaults:2 | 37678 ||| INVOKING Trog's Hand.
 37687 | Desolati | Entered the Desolation of Salt
 37696 | Desolati | Received a gift from Trog
 37757 | Desolati | 37757 ||| INVOKING Brothers in Arms.
 37761 | Desolati | 37761 ||| INVOKING Berserk.
 37771 | Desolati | Reached skill level 21 in Fighting
 37921 | Desolati | Identified the +0 chain mail "Umadgh Bagab" {rCorr Str-3
                  | Dex+2 Slay+3}
 37939 | Desolati | 37939 ||| Stepping ~*~*~tactically~*~*~ (stealth).
 38053 | Desolati | 38053 ||| Stepping ~*~*~tactically~*~*~ (hiding).
 38055 | Desolati | 38055 ||| Stepping ~*~*~tactically~*~*~ (hiding).
 38059 | Desolati | 38059 ||| INVOKING Brothers in Arms.
 38062 | Desolati | 38062 ||| INVOKING Berserk.
 38174 | Desolati | Found the +1 cloak of Starlight {*Dazzle EV+4 Stlth--}
 38204 | Desolati | Received a gift from Trog
 38211 | Desolati | Reached skill level 12 in Throwing
 38353 | Desolati | Identified the +7 quarterstaff "Gram" {drain, SInv}
 38480 | Desolati | Identified the ring "Riczolus" {+Blink Fly rC+}
 38487 | Desolati | Identified the +8 scimitar "qw's Foe" {vorpal, Dex+4}
 38568 | Desolati | 38568 ||| DROPPING ring of see invisible.
 38569 | Desolati | 38569 ||| DROPPING ring "Riczolus" {+Blink Fly rC+}.
 38587 | Vaults:2 | 38587 ||| PLANNING VAULTS:1-4
 38598 | Vaults:2 | 38598 ||| READING 8 scrolls of teleportation.
 38600 | Vaults:2 | 38600 ||| Stepping ~*~*~tactically~*~*~ (hiding).
 38724 | Vaults:2 | 38724 ||| Stepping ~*~*~tactically~*~*~ (hiding).
 38807 | Vaults:2 | Found Cuqon's General Store.
 38809 | Vaults:2 | 38809 ||| FLEEEEING.
 38810 | Vaults:2 | 38810 ||| FLEEEEING.
 38811 | Vaults:2 | 38811 ||| FLEEEEING.
 38818 | Vaults:2 | 38818 ||| FLEEEEING.
 38819 | Vaults:2 | 38819 ||| FLEEEEING.
 38820 | Vaults:2 | 38820 ||| FLEEEEING.
 38821 | Vaults:2 | 38821 ||| FLEEEEING.
 38822 | Vaults:2 | 38822 ||| FLEEEEING.
 38825 | Vaults:2 | 38825 ||| FLEEEEING.
 38826 | Vaults:2 | 38826 ||| FLEEEEING.
 38827 | Vaults:2 | 38827 ||| FLEEEEING.
 38839 | Vaults:2 | 38839 ||| FLEEEEING.
 38840 | Vaults:2 | 38840 ||| FLEEEEING.
 38841 | Vaults:2 | 38841 ||| FLEEEEING.
 38842 | Vaults:2 | 38842 ||| FLEEEEING.
 38843 | Vaults:2 | 38843 ||| FLEEEEING.
 38844 | Vaults:2 | 38844 ||| FLEEEEING.
 38845 | Vaults:2 | 38845 ||| FLEEEEING.
 38846 | Vaults:2 | 38846 ||| FLEEEEING.
 38847 | Vaults:2 | 38847 ||| FLEEEEING.
 38848 | Vaults:2 | 38848 ||| FLEEEEING.
 38849 | Vaults:2 | 38849 ||| FLEEEEING.
 38850 | Vaults:2 | 38850 ||| FLEEEEING.
 38851 | Vaults:2 | 38851 ||| FLEEEEING.
 38853 | Vaults:2 | 38853 ||| FLEEEEING.
 38854 | Vaults:2 | 38854 ||| FLEEEEING.
 38856 | Vaults:2 | 38856 ||| FLEEEEING.
 38857 | Vaults:2 | 38857 ||| FLEEEEING.
 38858 | Vaults:2 | 38858 ||| FLEEEEING.
 38859 | Vaults:2 | 38859 ||| FLEEEEING.
 38860 | Vaults:2 | 38860 ||| FLEEEEING.
 38861 | Vaults:2 | 38861 ||| FLEEEEING.
 38863 | Vaults:2 | 38863 ||| STAIRDANCE
 38969 | Vaults:2 | 38969 ||| Stepping ~*~*~tactically~*~*~ (hiding).
 38970 | Vaults:2 | 38970 ||| Stepping ~*~*~tactically~*~*~ (hiding).
 38972 | Vaults:2 | 38972 ||| INVOKING Trog's Hand.
 38974 | Vaults:2 | 38974 ||| Stepping ~*~*~tactically~*~*~ (hiding).
 38997 | Vaults:2 | 38997 ||| Stepping ~*~*~tactically~*~*~ (hiding).
 39036 | Vaults:2 | 39036 ||| INVOKING Trog's Hand.
 39044 | Vaults:2 | Received a gift from Trog
 39169 | Vaults:2 | Noticed Margery
 39170 | Vaults:2 | 39170 ||| DRINKING 2 potions of resistance.
 39171 | Vaults:2 | 39171 ||| INVOKING Brothers in Arms.
 39172 | Vaults:2 | 39172 ||| INVOKING Berserk.
 39182 | Vaults:2 | Killed Margery
 39183 | Vaults:2 | Reached skill level 15 in Dodging
 39207 | Vaults:2 | Reached XP level 20. HP: 191/198 MP: 19/19
 39784 | Vaults:2 | 39784 ||| BUYING potion of heal wounds (65 gold).
 39784 | Vaults:2 | Bought a potion of heal wounds for 65 gold pieces
 39784 | Vaults:2 | 39784 ||| BUYING potion of mutation (104 gold).
 39784 | Vaults:2 | Bought a potion of mutation for 104 gold pieces
 39784 | Vaults:2 | 39784 ||| BUYING scroll of enchant weapon (97 gold).
 39784 | Vaults:2 | Bought a scroll of enchant weapon for 97 gold pieces
 39784 | Vaults:2 | 39784 ||| READING scroll of enchant weapon.
 39784 | Vaults:2 | 39784 ||| ENCHANTING +4 vampiric war axe.
 40001 | Vaults:3 | 40001 ||| Stepping ~*~*~tactically~*~*~ (hiding).
 40002 | Vaults:3 | 40002 ||| INVOKING Trog's Hand.
 40009 | Vaults:3 | 40009 ||| INVOKING Brothers in Arms.
 40014 | Vaults:3 | 40014 ||| INVOKING Berserk.
 40032 | Vaults:3 | Reached skill level 22 in Fighting
 40280 | Vaults:3 | 40280 ||| FLEEEEING.
 40281 | Vaults:3 | 40281 ||| FLEEEEING.
 40282 | Vaults:3 | 40282 ||| FLEEEEING.
 40283 | Vaults:3 | 40283 ||| FLEEEEING.
 40284 | Vaults:3 | 40284 ||| STAIRDANCE
 40388 | Vaults:3 | 40388 ||| INVOKING Trog's Hand.
 40441 | Vaults:3 | 40441 ||| INVOKING Trog's Hand.
 40469 | Vaults:3 | Found a staircase to the Crypt.
 40642 | Vaults:3 | 40642 ||| INVOKING Trog's Hand.
 40669 | Vaults:3 | Paralysed by a great orb of eyes for 3 turns
 40673 | Vaults:3 | 40673 ||| INVOKING Trog's Hand.
 40686 | Vaults:3 | Received a gift from Trog
 40832 | Vaults:3 | 40832 ||| Stepping ~*~*~tactically~*~*~ (stealth).
 40874 | Vaults:3 | 40874 ||| INVOKING Trog's Hand.
 40878 | Vaults:3 | 40878 ||| INVOKING Brothers in Arms.
 40880 | Vaults:3 | 40880 ||| INVOKING Berserk.
 41096 | Vaults:3 | 41096 ||| Stepping ~*~*~tactically~*~*~ (stealth).
 41110 | Vaults:3 | 41110 ||| Stepping ~*~*~tactically~*~*~ (hiding).
 41111 | Vaults:3 | 41111 ||| Stepping ~*~*~tactically~*~*~ (hiding).
 41112 | Vaults:3 | 41112 ||| Stepping ~*~*~tactically~*~*~ (hiding).
 41380 | Vaults:3 | 41380 ||| Stepping ~*~*~tactically~*~*~ (hiding).
 41624 | Vaults:3 | 41624 ||| DROPPING +2 pair of gloves.
 41648 | Vaults:4 | 41648 ||| STAIRDANCE
 41684 | Vaults:4 | Reached skill level 21 in Armour
 41718 | Vaults:4 | Found Butheb's Weapon Shop.
 41749 | Vaults:4 | 41749 ||| Stepping ~*~*~tactically~*~*~ (stealth).
 41751 | Vaults:4 | 41751 ||| Stepping ~*~*~tactically~*~*~ (stealth).
 41764 | Vaults:4 | 41764 ||| Stepping ~*~*~tactically~*~*~ (stealth).
 41869 | Vaults:4 | 41869 ||| INVOKING Trog's Hand.
 41872 | Vaults:4 | 41872 ||| FLEEEEING.
 41873 | Vaults:4 | 41873 ||| FLEEEEING.
 41874 | Vaults:4 | 41874 ||| FLEEEEING.
 41875 | Vaults:4 | 41875 ||| FLEEEEING.
 41876 | Vaults:4 | 41876 ||| FLEEEEING.
 41877 | Vaults:4 | 41877 ||| FLEEEEING.
 41878 | Vaults:4 | 41878 ||| FLEEEEING.
 41879 | Vaults:4 | 41879 ||| FLEEEEING.
 41880 | Vaults:4 | 41880 ||| FLEEEEING.
 41881 | Vaults:4 | 41881 ||| FLEEEEING.
 41882 | Vaults:4 | 41882 ||| FLEEEEING.
 41883 | Vaults:4 | 41883 ||| FLEEEEING.
 41884 | Vaults:4 | 41884 ||| FLEEEEING.
 41885 | Vaults:4 | 41885 ||| FLEEEEING.
 41886 | Vaults:4 | 41886 ||| FLEEEEING.
 41887 | Vaults:4 | 41887 ||| FLEEEEING.
 41888 | Vaults:4 | 41888 ||| FLEEEEING.
 41889 | Vaults:4 | 41889 ||| FLEEEEING.
 41890 | Vaults:4 | 41890 ||| FLEEEEING.
 41891 | Vaults:4 | 41891 ||| FLEEEEING.
 41892 | Vaults:4 | 41892 ||| FLEEEEING.
 41893 | Vaults:4 | 41893 ||| INVOKING Trog's Hand.
 41894 | Vaults:4 | 41894 ||| INVOKING Brothers in Arms.
 41898 | Vaults:4 | 41898 ||| INVOKING Berserk.
 42091 | Vaults:4 | Identified the +4 short sword "Lepn" {pain, Drain rElec
                  | Will+++ SInv}
 42111 | Vaults:4 | 42111 ||| Stepping ~*~*~tactically~*~*~ (hiding).
 42270 | Vaults:4 | 42270 ||| Stepping ~*~*~tactically~*~*~ (hiding).
 42442 | Vaults:4 | 42442 ||| INVOKING Trog's Hand.
 42619 | Vaults:4 | 42619 ||| Stepping ~*~*~tactically~*~*~ (hiding).
 42711 | Vaults:4 | 42711 ||| Stepping ~*~*~tactically~*~*~ (hiding).
 42787 | Vaults:4 | 42787 ||| Stepping ~*~*~tactically~*~*~ (hiding).
 42794 | Vaults:4 | Identified the +7 mace of the Ageless Thickets {antimagic,
                  | Fly rElec Dex-5 Stlth+} (Trog gifted it to you on level 4
                  | of the Vaults)
 42794 | Vaults:4 | Received a gift from Trog
 43103 | Vaults:4 | 43103 ||| Stepping ~*~*~tactically~*~*~ (hiding).
 43104 | Vaults:4 | 43104 ||| INVOKING Trog's Hand.
 43207 | Vaults:4 | 43207 ||| Stepping ~*~*~tactically~*~*~ (stealth).
 43208 | Vaults:4 | 43208 ||| Stepping ~*~*~tactically~*~*~ (stealth).
 43210 | Vaults:4 | 43210 ||| INVOKING Berserk.
 43406 | Vaults:4 | 43406 ||| READING scroll of enchant weapon.
 43406 | Vaults:4 | 43406 ||| ENCHANTING +5 vampiric war axe.
 43423 | Vaults:4 | 43423 ||| INVOKING Trog's Hand.
 43426 | Vaults:4 | 43426 ||| Stepping ~*~*~tactically~*~*~ (hiding).
 43584 | Vaults:4 | 43584 ||| INVOKING Trog's Hand.
 43587 | Vaults:4 | Reached XP level 21. HP: 209/209 MP: 20/20
 43639 | Vaults:4 | 43639 ||| PLANNING SNAKE:4
 43921 | Snake:4  | Entered Level 4 of the Snake Pit
 43989 | Snake:4  | 43989 ||| Stepping ~*~*~tactically~*~*~ (hiding).
 43990 | Snake:4  | 43990 ||| Stepping ~*~*~tactically~*~*~ (hiding).
 43993 | Snake:4  | 43993 ||| Stepping ~*~*~tactically~*~*~ (hiding).
 44014 | Snake:4  | 44014 ||| Stepping ~*~*~tactically~*~*~ (hiding).
 44017 | Snake:4  | 44017 ||| Stepping ~*~*~tactically~*~*~ (hiding).
 44122 | Snake:4  | 44122 ||| Stepping ~*~*~tactically~*~*~ (hiding).
 44166 | Snake:4  | 44166 ||| Stepping ~*~*~tactically~*~*~ (hiding).
 44211 | Snake:4  | 44211 ||| FLEEEEING.
 44212 | Snake:4  | 44212 ||| FLEEEEING.
 44213 | Snake:4  | 44213 ||| FLEEEEING.
 44218 | Snake:4  | 44218 ||| FLEEEEING.
 44219 | Snake:4  | 44219 ||| FLEEEEING.
 44220 | Snake:4  | 44220 ||| FLEEEEING.
 44221 | Snake:4  | 44221 ||| FLEEEEING.
 44222 | Snake:4  | 44222 ||| FLEEEEING.
 44223 | Snake:4  | 44223 ||| FLEEEEING.
 44224 | Snake:4  | 44224 ||| FLEEEEING.
 44225 | Snake:4  | 44225 ||| FLEEEEING.
 44226 | Snake:4  | 44226 ||| FLEEEEING.
 44227 | Snake:4  | 44227 ||| FLEEEEING.
 44228 | Snake:4  | 44228 ||| FLEEEEING.
 44229 | Snake:4  | 44229 ||| FLEEEEING.
 44230 | Snake:4  | 44230 ||| FLEEEEING.
 44231 | Snake:4  | 44231 ||| FLEEEEING.
 44232 | Snake:4  | 44232 ||| FLEEEEING.
 44234 | Snake:4  | 44234 ||| FLEEEEING.
 44235 | Snake:4  | 44235 ||| FLEEEEING.
 44236 | Snake:4  | 44236 ||| FLEEEEING.
 44237 | Snake:4  | 44237 ||| FLEEEEING.
 44238 | Snake:4  | 44238 ||| FLEEEEING.
 44245 | Snake:4  | 44245 ||| STAIRDANCE
 44318 | Snake:4  | 44318 ||| Stepping ~*~*~tactically~*~*~ (hiding).
 44377 | Snake:4  | 44377 ||| READING scroll of enchant weapon.
 44377 | Snake:4  | 44377 ||| ENCHANTING +6 vampiric war axe.
 44387 | Snake:4  | 44387 ||| Stepping ~*~*~tactically~*~*~ (hiding).
 44388 | Snake:4  | 44388 ||| Stepping ~*~*~tactically~*~*~ (hiding).
 44390 | Snake:4  | 44390 ||| Stepping ~*~*~tactically~*~*~ (hiding).
 44393 | Snake:4  | 44393 ||| Stepping ~*~*~tactically~*~*~ (hiding).
 44397 | Snake:4  | 44397 ||| Stepping ~*~*~tactically~*~*~ (hiding).
 44475 | Snake:4  | 44475 ||| Stepping ~*~*~tactically~*~*~ (hiding).
 44839 | Snake:4  | 44839 ||| Stepping ~*~*~tactically~*~*~ (hiding).
 44847 | Snake:4  | Reached skill level 23 in Fighting
 45055 | Snake:4  | 45055 ||| Stepping ~*~*~tactically~*~*~ (hiding).
 45183 | Snake:4  | 45183 ||| Stepping ~*~*~tactically~*~*~ (hiding).
 45209 | Snake:4  | 45209 ||| Stepping ~*~*~tactically~*~*~ (hiding).
 45224 | Snake:4  | Got a serpentine rune of Zot
 45235 | Snake:4  | 45235 ||| Stepping ~*~*~tactically~*~*~ (hiding).
 45237 | Snake:4  | 45237 ||| Stepping ~*~*~tactically~*~*~ (hiding).
 45396 | Snake:4  | 45396 ||| Stepping ~*~*~tactically~*~*~ (stealth).
 45461 | Snake:4  | 45461 ||| PLANNING DEPTHS
 45461 | Snake:4  | 45461 ||| UPGRADING to +1 cloak of Starlight {*Dazzle EV+4
                  | Stlth--}.
 45471 | Snake:4  | 45471 ||| DROPPING +2 ratskin cloak {*Rats rPois rN+ Str-1
                  | Int-1 Dex+1}.
 45472 | Snake:4  | 45472 ||| DROPPING ring of poison resistance.
 45746 | Depths:1 | Entered Level 1 of the Depths
 45841 | Depths:1 | 45841 ||| Stepping ~*~*~tactically~*~*~ (stealth).
 45885 | Depths:1 | Received a gift from Trog
 45904 | Depths:1 | Reached ****** piety under Trog
 45909 | Depths:1 | Reached skill level 18 in Axes
 45909 | Depths:1 | 45909 ||| Stepping ~*~*~tactically~*~*~ (stealth).
 45944 | Depths:1 | 45944 ||| INVOKING Brothers in Arms.
 45946 | Depths:1 | 45946 ||| INVOKING Brothers in Arms.
 45947 | Depths:1 | 45947 ||| INVOKING Berserk.
 46130 | Depths:1 | 46130 ||| INVOKING Brothers in Arms.
 46132 | Depths:1 | 46132 ||| INVOKING Berserk.
 46283 | Depths:1 | Found Vyidasaxt's Jewellery Shoppe.
 46289 | Depths:1 | Found Taasmire's Armour Shoppe.
 46319 | Depths:1 | 46319 ||| Stepping ~*~*~tactically~*~*~ (hiding).
 46431 | Depths:1 | Found a transporter.
 46439 | Depths:1 | Found a transporter.
 46456 | Depths:1 | Found a transporter.
 46532 | Depths:1 | 46532 ||| READING scroll of enchant weapon.
 46532 | Depths:1 | 46532 ||| ENCHANTING +7 vampiric war axe.
 46655 | Depths:1 | Found a transporter.
 46665 | Depths:1 | Found a gateway to Hell.
 46756 | Depths:1 | 46756 ||| DROPPING +6 ring of intelligence.
 46773 | Depths:2 | 46773 ||| STAIRDANCE
 46777 | Depths:1 | 46777 ||| INVOKING Berserk.
 46885 | Depths:2 | 46885 ||| INVOKING Trog's Hand.
 46891 | Depths:2 | Paralysed by a floating eye for 3 turns
 46942 | Depths:2 | Found a one-way gateway to a ziggurat.
 47111 | Depths:2 | 47111 ||| INVOKING Berserk.
 47144 | Depths:2 | Found a one-way gate leading to the halls of Pandemonium.
 47145 | Depths:2 | 47145 ||| INVOKING Brothers in Arms.
 47147 | Depths:2 | 47147 ||| INVOKING Berserk.
 47196 | Depths:2 | 47196 ||| INVOKING Brothers in Arms.
 47202 | Depths:2 | 47202 ||| INVOKING Berserk.
 47282 | Depths:2 | Found Voisenin's Magic Scroll Shoppe.
 47291 | Depths:2 | 47291 ||| BUYING scroll of enchant armour (90 gold).
 47291 | Depths:2 | Bought a scroll of enchant armour for 90 gold pieces
 47291 | Depths:2 | 47291 ||| BUYING scroll of enchant weapon (90 gold).
 47291 | Depths:2 | Bought a scroll of enchant weapon for 90 gold pieces
 47291 | Depths:2 | 47291 ||| BUYING scroll of enchant weapon (90 gold).
 47291 | Depths:2 | Bought a scroll of enchant weapon for 90 gold pieces
 47291 | Depths:2 | 47291 ||| READING scroll of enchant armour.
 47291 | Depths:2 | 47291 ||| ENCHANTING +6 plate armour.
 47292 | Depths:2 | 47292 ||| READING 2 scrolls of enchant weapon.
 47292 | Depths:2 | 47292 ||| ENCHANTING +8 vampiric war axe.
 47414 | Depths:2 | 47414 ||| Stepping ~*~*~tactically~*~*~ (stealth).
 47417 | Depths:2 | 47417 ||| Stepping ~*~*~tactically~*~*~ (stealth).
 47450 | Depths:2 | Found an ornate altar of the Wu Jian Council.
 47542 | Depths:2 | 47542 ||| INVOKING Berserk.
 47649 | Depths:2 | 47649 ||| INVOKING Trog's Hand.
 47667 | Depths:2 | 47667 ||| INVOKING Trog's Hand.
 47671 | Depths:2 | 47671 ||| INVOKING Berserk.
 47706 | Depths:2 | 47706 ||| Stepping ~*~*~tactically~*~*~ (stealth).
 47777 | Depths:2 | 47777 ||| READING scroll of enchant armour.
 47777 | Depths:2 | 47777 ||| ENCHANTING +7 plate armour.
 47782 | Depths:2 | 47782 ||| Stepping ~*~*~tactically~*~*~ (stealth).
 47783 | Depths:2 | 47783 ||| INVOKING Brothers in Arms.
 47784 | Depths:2 | 47784 ||| INVOKING Brothers in Arms.
 47797 | Depths:2 | 47797 ||| INVOKING Berserk.
 47825 | Depths:2 | 47825 ||| INVOKING Trog's Hand.
 47840 | Depths:2 | 47840 ||| Stepping ~*~*~tactically~*~*~ (hiding).
 47843 | Depths:2 | 47843 ||| INVOKING Trog's Hand.
 47851 | Depths:2 | Reached skill level 24 in Fighting
 47871 | Depths:2 | 47871 ||| INVOKING Berserk.
 47902 | Depths:2 | 47902 ||| INVOKING Trog's Hand.
 47965 | Depths:2 | 47965 ||| Stepping ~*~*~tactically~*~*~ (stealth).
 47984 | Depths:2 | 47984 ||| FLEEEEING.
 47989 | Depths:2 | 47989 ||| INVOKING Berserk.
 47992 | Depths:2 | Identified the +1 plate armour "Osoru" {rF+ Dex+6}
 48080 | Depths:2 | Identified the +0 chain mail of Uskayaw's Regard {Fly rF++
                  | Will- Regen+}
 48126 | Depths:2 | 48126 ||| Stepping ~*~*~tactically~*~*~ (hiding).
 48129 | Depths:2 | 48129 ||| INVOKING Trog's Hand.
 48130 | Depths:2 | 48130 ||| INVOKING Berserk.
 48135 | Depths:2 | Reached XP level 22. HP: 222/222 MP: 21/21
 48332 | Depths:2 | 48332 ||| Stepping ~*~*~tactically~*~*~ (hiding).
 48347 | Depths:2 | 48347 ||| INVOKING Berserk.
 48505 | Depths:2 | Found Leviwium's Weapon Boutique.
 48779 | Depths:2 | 48779 ||| FLEEEEING.
 48780 | Depths:2 | 48780 ||| FLEEEEING.
 48782 | Depths:2 | 48782 ||| FLEEEEING.
 48783 | Depths:2 | 48783 ||| FLEEEEING.
 48784 | Depths:2 | 48784 ||| INVOKING Berserk.
 48900 | Depths:2 | 48900 ||| DROPPING +2 plate armour of fire resistance.
 48907 | Depths:3 | 48907 ||| PLANNING BAZAAR
 48911 | Depths:3 | Noticed Xtahua
 48919 | Depths:3 | 48919 ||| INVOKING Trog's Hand.
 48920 | Depths:3 | 48920 ||| DRINKING potion of resistance.
 48921 | Depths:3 | 48921 ||| INVOKING Berserk.
 48930 | Depths:3 | Killed Xtahua
 49019 | Depths:3 | 49019 ||| Stepping ~*~*~tactically~*~*~ (stealth).
 49051 | Depths:3 | 49051 ||| INVOKING Berserk.
 49067 | Depths:3 | 49067 ||| Stepping ~*~*~tactically~*~*~ (hiding).
 49088 | Depths:3 | 49088 ||| Stepping ~*~*~tactically~*~*~ (stealth).
 49089 | Depths:3 | 49089 ||| Stepping ~*~*~tactically~*~*~ (stealth).
 49100 | Depths:3 | 49100 ||| Stepping ~*~*~tactically~*~*~ (stealth).
 49222 | Depths:3 | 49222 ||| INVOKING Berserk.
 49276 | Depths:3 | Received a gift from Trog
 49319 | Depths:3 | 49319 ||| FLEEEEING.
 49320 | Depths:3 | 49320 ||| FLEEEEING.
 49321 | Depths:3 | 49321 ||| FLEEEEING.
 49335 | Depths:3 | 49335 ||| Stepping ~*~*~tactically~*~*~ (water).
 49399 | Depths:3 | 49399 ||| INVOKING Berserk.
 49522 | Depths:3 | 49522 ||| INVOKING Brothers in Arms.
 49530 | Depths:3 | 49530 ||| INVOKING Berserk.
 49732 | Depths:3 | 49732 ||| RIP WIZLAB
 49783 | Depths:3 | 49783 ||| Stepping ~*~*~tactically~*~*~ (stealth).
 49784 | Depths:3 | 49784 ||| Stepping ~*~*~tactically~*~*~ (stealth).
 49786 | Depths:3 | 49786 ||| Stepping ~*~*~tactically~*~*~ (stealth).
 49790 | Depths:3 | 49790 ||| INVOKING Berserk.
 49820 | Depths:3 | 49820 ||| FLEEEEING.
 49875 | Depths:3 | 49875 ||| RIP BAZAAR
 49879 | Depths:3 | 49879 ||| PLANNING DEPTHS
 49885 | Depths:3 | 49885 ||| INVOKING Berserk.
 49920 | Depths:3 | Noticed a golden dragon
 49921 | Depths:3 | 49921 ||| Stepping ~*~*~tactically~*~*~ (stealth).
 49925 | Depths:3 | 49925 ||| INVOKING Brothers in Arms.
 49929 | Depths:3 | Killed a golden dragon
 50177 | Depths:3 | Identified the +6 chain mail of Defiance {Harm rC- rN++
                  | Dex+2}
 50198 | Depths:3 | 50198 ||| INVOKING Berserk.
 50227 | Depths:3 | 50227 ||| FLEEEEING.
 50228 | Depths:3 | 50228 ||| FLEEEEING.
 50229 | Depths:3 | 50229 ||| FLEEEEING.
 50252 | Depths:3 | 50252 ||| Stepping ~*~*~tactically~*~*~ (hiding).
 50275 | Depths:3 | 50275 ||| Stepping ~*~*~tactically~*~*~ (stealth).
 50282 | Depths:3 | 50282 ||| Stepping ~*~*~tactically~*~*~ (hiding).
 50284 | Depths:3 | 50284 ||| INVOKING Brothers in Arms.
 50289 | Depths:3 | 50289 ||| INVOKING Berserk.
 50308 | Depths:3 | Reached skill level 25 in Fighting
 50320 | Depths:3 | Noticed Saint Roka
 50344 | Depths:3 | Killed Saint Roka
 50435 | Depths:3 | 50435 ||| Stepping ~*~*~tactically~*~*~ (stealth).
 50645 | Depths:3 | 50645 ||| Stepping ~*~*~tactically~*~*~ (stealth).
 50649 | Depths:3 | 50649 ||| Stepping ~*~*~tactically~*~*~ (hiding).
 50651 | Depths:3 | 50651 ||| Stepping ~*~*~tactically~*~*~ (hiding).
 50675 | Depths:3 | Identified the +7 hand axe of Foolhardiness {vorpal, rF+
                  | rN+} (Trog gifted it to you on level 3 of the Depths)
 50675 | Depths:3 | Received a gift from Trog
 50986 | Depths:4 | Entered Level 4 of the Depths
 50989 | Depths:4 | Noticed a juggernaut
 50990 | Depths:4 | 50990 ||| INVOKING Brothers in Arms.
 50994 | Depths:4 | 50994 ||| INVOKING Berserk.
 51002 | Depths:4 | Killed a juggernaut
 51065 | Depths:4 | 51065 ||| Stepping ~*~*~tactically~*~*~ (stealth).
 51069 | Depths:4 | 51069 ||| Stepping ~*~*~tactically~*~*~ (stealth).
 51128 | Depths:4 | 51128 ||| Stepping ~*~*~tactically~*~*~ (hiding).
 51128 | Depths:4 | Noticed a caustic shrike
 51129 | Depths:4 | 51129 ||| Stepping ~*~*~tactically~*~*~ (stealth).
 51131 | Depths:4 | Noticed a caustic shrike
 51132 | Depths:4 | 51132 ||| INVOKING Brothers in Arms.
 51133 | Depths:4 | 51133 ||| INVOKING Berserk.
 51133 | Depths:4 | Noticed a caustic shrike
 51136 | Depths:4 | Noticed a caustic shrike
 51137 | Depths:4 | Noticed a caustic shrike
 51145 | Depths:4 | Killed a caustic shrike
 51149 | Depths:4 | Killed a caustic shrike
 51154 | Depths:4 | Reached XP level 23. HP: 234/234 MP: 22/22
 51160 | Depths:4 | Killed a caustic shrike
 51165 | Depths:4 | Killed a caustic shrike
 51169 | Depths:4 | Killed a caustic shrike
 51228 | Depths:4 | Found a stormy altar of Qazlal.
 51270 | Depths:4 | 51270 ||| INVOKING Berserk.
 51276 | Depths:4 | Reached skill level 18 in Dodging
 51351 | Depths:4 | 51351 ||| Stepping ~*~*~tactically~*~*~ (hiding).
 51407 | Depths:4 | Found a gate to the Realm of Zot.
 51451 | Depths:4 | 51451 ||| Stepping ~*~*~tactically~*~*~ (hiding).
 51452 | Depths:4 | 51452 ||| Stepping ~*~*~tactically~*~*~ (hiding).
 51454 | Depths:4 | 51454 ||| INVOKING Berserk.
 51607 | Depths:4 | Noticed a juggernaut
 51608 | Depths:4 | 51608 ||| INVOKING Brothers in Arms.
 51610 | Depths:4 | Reached skill level 15 in Throwing
 51612 | Depths:4 | 51612 ||| INVOKING Berserk.
 51617 | Depths:4 | Killed a juggernaut
 51654 | Depths:4 | 51654 ||| INVOKING Brothers in Arms.
 51762 | Depths:4 | 51762 ||| READING scroll of enchant armour.
 51762 | Depths:4 | 51762 ||| ENCHANTING +8 plate armour.
 51765 | Depths:4 | 51765 ||| INVOKING Trog's Hand.
 52013 | Depths:4 | 52013 ||| Stepping ~*~*~tactically~*~*~ (hiding).
 52282 | Depths:4 | 52282 ||| PLANNING VAULTS:5
 52614 | Vaults:5 | Entered Level 5 of the Vaults
 52616 | Vaults:5 | 52616 ||| STAIRDANCE
 52730 | Vaults:5 | 52730 ||| STAIRDANCE
 52754 | Vaults:5 | 52754 ||| INVOKING Trog's Hand.
 52755 | Vaults:5 | 52755 ||| INVOKING Berserk.
 52755 | Vaults:5 | Noticed a dread lich
 52765 | Vaults:5 | Reached skill level 24 in Armour
 52772 | Vaults:5 | Killed a dread lich
 52775 | Vaults:5 | Noticed Mennas
 52784 | Vaults:5 | Noticed an ancient lich
 52789 | Vaults:5 | Reached skill level 26 in Fighting
 52791 | Vaults:5 | Noticed Sojobo
 52794 | Vaults:5 | Identified the +3 great sword "Agoranud" {speed, rPois
                  | Dex+3}
 52809 | Vaults:5 | Killed an ancient lich
 52820 | Vaults:5 | Reached XP level 24. HP: 245/245 MP: 22/22
 52820 | Vaults:5 | Noticed an ancient lich
 52822 | Vaults:5 | Killed Mennas
 52823 | Vaults:5 | Killed Sojobo
 52842 | Vaults:5 | Killed an ancient lich
 52848 | Vaults:5 | 52848 ||| STAIRDANCE
 52984 | Vaults:5 | 52984 ||| INVOKING Trog's Hand.
 52985 | Vaults:5 | 52985 ||| INVOKING Berserk.
 53009 | Vaults:5 | 53009 ||| STAIRDANCE
 53831 | Vaults:5 | Identified the +10 mace of Dithmenos's Delight {protect,
                  | Int+2}
 53950 | Vaults:5 | 53950 ||| READING scroll of enchant armour.
 53950 | Vaults:5 | 53950 ||| ENCHANTING +9 plate armour.
 54149 | Vaults:5 | Got a silver rune of Zot
 54226 | Vaults:5 | 54226 ||| PLANNING SHOPPING SPREE
 54226 | Vaults:5 | 54226 ||| DROPPING +10 plate armour of ponderousness.
 54227 | Vaults:5 | 54227 ||| DROPPING +1 plate armour "Osoru" {rF+ Dex+6}.
 54228 | Vaults:5 | 54228 ||| DROPPING ring of see invisible.
 54229 | Vaults:5 | 54229 ||| DROPPING +6 ring of dexterity.
 54609 | Snake:3  | 54609 ||| PLANNING ZOT:1-4
 54976 | Zot:1    | Entered Level 1 of the Realm of Zot
 54984 | Zot:1    | 54984 ||| INVOKING Berserk.
 55007 | Zot:1    | Received a gift from Trog
 55229 | Zot:1    | 55229 ||| Stepping ~*~*~tactically~*~*~ (stealth).
 55247 | Zot:1    | Noticed Vv
 55248 | Zot:1    | 55248 ||| INVOKING Brothers in Arms.
 55251 | Zot:1    | 55251 ||| INVOKING Berserk.
 55259 | Zot:1    | Killed Vv
 55266 | Zot:1    | 55266 ||| Stepping ~*~*~tactically~*~*~ (cloud).
 55531 | Zot:1    | 55531 ||| DRINKING 19 potions of curing.
 55531 | Zot:1    | 55531 ||| (to cure confusion)
 55534 | Zot:1    | 55534 ||| INVOKING Berserk.
 55549 | Zot:1    | 55549 ||| INVOKING Brothers in Arms.
 55550 | Zot:1    | HP: 34/245 [??? (31)]
 55551 | Zot:1    | 55551 ||| READING 10 scrolls of teleportation.
 55700 | Zot:1    | 55700 ||| Stepping ~*~*~tactically~*~*~ (stealth).
 55714 | Zot:1    | 55714 ||| Stepping ~*~*~tactically~*~*~ (stealth).
 55716 | Zot:1    | 55716 ||| Stepping ~*~*~tactically~*~*~ (stealth).
 55717 | Zot:1    | 55717 ||| Stepping ~*~*~tactically~*~*~ (stealth).
 55779 | Zot:1    | 55779 ||| Stepping ~*~*~tactically~*~*~ (hiding).
 55831 | Zot:1    | 55831 ||| Stepping ~*~*~tactically~*~*~ (stealth).
 55832 | Zot:1    | 55832 ||| Stepping ~*~*~tactically~*~*~ (stealth).
 55895 | Zot:1    | 55895 ||| INVOKING Berserk.
 56095 | Zot:1    | 56095 ||| INVOKING Berserk.
 56220 | Zot:1    | 56220 ||| Stepping ~*~*~tactically~*~*~ (hiding).
 56225 | Zot:1    | 56225 ||| INVOKING Berserk.
 56488 | Zot:1    | Identified the +1 chain mail "Feogg" {Rampage Str-3 Dex+6}
 56572 | Zot:1    | 56572 ||| DROPPING amulet of the acrobat.
 56654 | Zot:1    | Paralysed by a Zot trap for 2 turns
 56697 | Zot:1    | 56697 ||| Stepping ~*~*~tactically~*~*~ (stealth).
 56698 | Zot:1    | 56698 ||| Stepping ~*~*~tactically~*~*~ (stealth).
 56703 | Zot:1    | 56703 ||| Stepping ~*~*~tactically~*~*~ (cloud).
 56706 | Zot:1    | Reached skill level 1 in Evocations
 56706 | Zot:1    | 56706 ||| UPGRADING to +4 ring of evasion.
 56710 | Zot:1    | 56710 ||| DRINKING 21 potions of curing.
 56710 | Zot:1    | 56710 ||| (to cure bad poison)
 56726 | Zot:1    | 56726 ||| INVOKING Berserk.
 56741 | Zot:1    | 56741 ||| Stepping ~*~*~tactically~*~*~ (hiding).
 56771 | Zot:1    | 56771 ||| Stepping ~*~*~tactically~*~*~ (stealth).
 56988 | Zot:1    | 56988 ||| Stepping ~*~*~tactically~*~*~ (cloud).
 57001 | Zot:1    | 57001 ||| Stepping ~*~*~tactically~*~*~ (cloud).
 57005 | Zot:1    | 57005 ||| Stepping ~*~*~tactically~*~*~ (cloud).
 57418 | Zot:1    | Noticed a dread lich
 57419 | Zot:1    | 57419 ||| INVOKING Trog's Hand.
 57420 | Zot:1    | 57420 ||| INVOKING Brothers in Arms.
 57421 | Zot:1    | 57421 ||| INVOKING Berserk.
 57429 | Zot:1    | Killed a dread lich
 57430 | Zot:1    | Reached skill level 3 in Evocations
 57431 | Zot:1    | 57431 ||| DRINKING 20 potions of curing.
 57431 | Zot:1    | 57431 ||| (to cure bad poison)
 57432 | Zot:1    | 57432 ||| Stepping ~*~*~tactically~*~*~ (cloud).
 57433 | Zot:1    | 57433 ||| INVOKING Brothers in Arms.
 57438 | Zot:1    | 57438 ||| Stepping ~*~*~tactically~*~*~ (cloud).
 57733 | Zot:1    | Noticed an ancient lich
 57734 | Zot:1    | 57734 ||| INVOKING Trog's Hand.
 57735 | Zot:1    | 57735 ||| INVOKING Brothers in Arms.
 57738 | Zot:1    | 57738 ||| INVOKING Berserk.
 57742 | Zot:1    | Killed an ancient lich
 57859 | Zot:1    | 57859 ||| UPGRADING to +0 gold dragon scales.
 57869 | Zot:1    | 57869 ||| UPGRADING to ring "Vicah" {rPois rCorr Dex-2
                  | Slay+4}.
 57871 | Zot:1    | 57871 ||| UPGRADING to +0 chain mail of Uskayaw's Regard
                  | {Fly rF++ Will- Regen+}.
 57954 | Zot:2    | 57954 ||| Stepping ~*~*~tactically~*~*~ (hiding).
 57957 | Zot:2    | 57957 ||| Stepping ~*~*~tactically~*~*~ (hiding).
 57984 | Zot:2    | Reached skill level 27 in Fighting
 58086 | Zot:2    | 58086 ||| Stepping ~*~*~tactically~*~*~ (hiding).
 58089 | Zot:2    | 58089 ||| Stepping ~*~*~tactically~*~*~ (hiding).
 58282 | Zot:2    | 58282 ||| Stepping ~*~*~tactically~*~*~ (hiding).
 58393 | Zot:2    | Noticed an orb of fire
 58394 | Zot:2    | 58394 ||| READING 10 scrolls of teleportation.
 58397 | Zot:2    | 58397 ||| INVOKING Berserk.
 58408 | Zot:2    | Killed an orb of fire
 58409 | Zot:2    | Reached XP level 25. HP: 257/257 MP: 22/22
 58564 | Zot:2    | 58564 ||| Stepping ~*~*~tactically~*~*~ (hiding).
 58566 | Zot:2    | 58566 ||| Stepping ~*~*~tactically~*~*~ (hiding).
 58657 | Zot:2    | 58657 ||| Stepping ~*~*~tactically~*~*~ (hiding).
 58673 | Zot:2    | 58673 ||| INVOKING Berserk.
 58801 | Zot:2    | Identified the +8 chain mail "Qeozeph" {rElec Dex+4}
 58834 | Zot:2    | 58834 ||| Stepping ~*~*~tactically~*~*~ (stealth).
 58836 | Zot:2    | 58836 ||| Stepping ~*~*~tactically~*~*~ (hiding).
 58986 | Zot:2    | 58986 ||| Stepping ~*~*~tactically~*~*~ (stealth).
 59370 | Zot:2    | 59370 ||| INVOKING Berserk.
 59376 | Zot:2    | Reached skill level 21 in Axes
 60106 | Zot:3    | 60106 ||| INVOKING Berserk.
 60265 | Zot:3    | 60265 ||| Stepping ~*~*~tactically~*~*~ (hiding).
 60279 | Zot:3    | 60279 ||| DRINKING potion of cancellation.
 60294 | Zot:3    | Received a gift from Trog
 60306 | Zot:3    | 60306 ||| FLEEEEING.
 60309 | Zot:3    | 60309 ||| Stepping ~*~*~tactically~*~*~ (stealth).
 60314 | Zot:3    | 60314 ||| INVOKING Berserk.
 60326 | Zot:3    | 60326 ||| INVOKING Brothers in Arms.
 60329 | Zot:3    | HP: 62/257 [living spell/crystal spear[a walking crystal
                  | tome] (27)]
 60329 | Zot:3    | HP: 25/257 [living spell/crystal spear[a walking crystal
                  | tome] (9)]
 60331 | Zot:3    | Killed from afar by a living spell

Levels and vault maps discovered:
D:1:      heliophobic_arrival_ceremonial_halls, layout_basic, chequers_big_river
D:2:      layout_rooms, chequers_ecumenical_altar_island
D:3:      layout_loops_cross, portal_sewer_entry_e, uniq_grinder
D:4:      minmay_inner_zag, layout_rooms, mainiacjoe_overflow_alcove_2,
          enter_ossuary_3, minmay_misc_feat_chi, uniq_pikel, uniq_eustachio,
          uniq_edmund
D:5:      wander_guarded_unrand_ratskin, layout_basic, kennysheep_mini
D:6:      kennysheep_slugbush, layout_cave_pools, led_sif_pool,
          mainiacjoe_overflow_catwalk, mainiacjoe_overflow_tiny_flanked,
          minmay_temple_entry_junction, serial_shops, nicolae_lakefront_shop,
          uniq_blork_the_orc
D:7:      layout_basic, minmay_overflow_temple_star_quad,
          gammafunk_ghost_abyssal_escape, grunt_livestock,
          minmay_misc_feat_cross, nicolae_water_bricks, minmay_misc_feat_alley,
          hangedman_abyss_or_decor_passed
D:8:      layout_basic, serial_shops, shop, shop, nicolae_shop_stone,
          nicolae_shop_behind_doors, gammafunk_ghost_spectres
D:9:      layout_roguey, serial_shops, nicolae_shop_advertising_works
          [nicolae_subvault_shop_adworks]
D:10:     nzn_winding_woodlands_cross [nzn_winding_woodlands_5x15_sidewinder,
          nzn_winding_woodlands_5x15_river_crossing,
          nzn_winding_woodlands_5x15_cabin, nzn_winding_woodlands_5x15_pockets,
          nzn_winding_woodlands_15x15_five_gardens], layout_basic
D:11:     layout_basic, erik_lair_orcish_takeover, library_closet,
          grunt_gozag_statues
D:12:     minmay_curly_fans, layout_rooms, kennysheep_generic_room_6
D:13:     layout_roguey, erik_vaults_2
D:14:     layout_cave_pods, infiniplex_staircase_pillars_2
D:15:     gammafunk_depths_entry_grave, layout_loops_ring, good_gods_mini_temple
Lair:1:   layout_cave_shapes, serial_forest, infiniplex_forest_clump_small,
          infiniplex_forest_clump_small, infiniplex_forest_lined_2,
          infiniplex_forest_straight_4, infiniplex_forest_clump_small,
          infiniplex_forest_join, infiniplex_forest_clump_small,
          infiniplex_forest_corner_2, infiniplex_forest_lined_1
Lair:2:   layout_loops_ring, elwin_shoals_entry_rocks
Lair:3:   layout_chaotic_city, minmay_snake_entry_six_corridors,
          gammafunk_ghost_ooze, uniq_kirke
Lair:4:   layout_concentric_octagons, slime_entry_2, portal_ice_cave_entry_imps,
          st_stairs_12, dreamdust_mushroom_princess,
          chequers_serial_rivers_micro_e, nicolae_quartered_pool_little,
          minivault_27, beast_lair_carwin_11, infiniplex_staircase_pool_2,
          lemuel_fruit_tree, uniq_rupert, uniq_snorg, uniq_sonja
Lair:5:   cheibrodos_lair_end_hotspot, layout_small_grid, st_stairs_11
Shoals:1: layout_shoals, serial_shops, shop
Shoals:2: layout_shoals, yaktaur_hedge, uniq_polyphemus, uniq_frances
Shoals:3: layout_shoals, nicolae_shoals_land_atoll, st_cyclops
Shoals:4: shoals_end_simple, layout_shoals, ebering_ghost_xom, uniq_mara,
          uniq_donald
Snake:1:  layout_misc_corridors, minmay_shoptagon
Snake:2:  layout_onion_interference, nicolae_snake_squiggles,
          serial_bayou_crossing
Snake:3:  layout_layer_cave, minmay_shop_grove, serial_bayou_shore_a
Snake:4:  hellmonk_snake_rune_quicksilver_temple, layout_cave_town,
          hangedman_snake_corridor_cut
Orc:1:    lemuel_ogre_cave, layout_caves, serial_shops,
          nicolae_shop_overgrown_old_shop, nicolae_shop_crystal,
          nicolae_shop_trees, nicolae_diamond_shop
Orc:2:    st_orc_rangers, layout_caves, gauntlet_entry_generic
Vaults:1: vaults_mumra_minichess, nicolae_vaults_alarming,
          vaults_standard_mumra_enter_the_diamond,
          nicolae_vaults_big_angled_halls, hangedman_vaults_locks,
          vaults_room_grunt_arrival_ludios, nicolae_vaults_inception_scallops,
          ontoclasm_vaults_ring_large, vaults_dpeg_diagonal, v_misc_24,
          nicolae_vaults_shelves_hall, nicolae_vaults_meeting, v_rooms_3,
          vaults_dpeg_cross, layout_vaults_maze
Vaults:2: portal_desolation_entry_nicolae_nacl, v_misc_26, vaults_mumra_chevron,
          v_misc_3, vaults_dpeg_hooks, hangedman_vaults_stream, v_misc_19,
          hangedman_vaults_snaps, v_misc_15, ontoclasm_vaults_shuriken,
          v_misc_19, nicolae_vaults_little_squares_2, layout_vaults_big_room,
          serial_shops, nicolae_diamond_shop, uniq_margery
Vaults:3: dpeg_vaults_monster_row, st_more_cells, vaults_room_pool,
          nicolae_vaults_stairing_the_circle, dpeg_vaults_monster_box,
          minmay_crypt_entry_simple_walls, ontoclasm_vaults_eye,
          nicolae_vaults_shelves_hall, v_misc_25, vaults_room_pool,
          layout_vaults_omnigrid
Vaults:4: nicolae_vaults_little_squares_4, kb_rosetta, nicolae_vaults_rhombus_6,
          nicolae_vaults_border_crossing, vaults_standard_mumra_lines,
          ontoclasm_vaults_ring_small, ontoclasm_vaults_hangar, v_alt_pattern_1,
          v_misc_15, hangedman_vaults_stretched_pinwheel,
          vaults_standard_mumra_enter_the_diamond, vaults_room_door_hall,
          v_misc_3, ontoclasm_vaults_pinch, layout_vaults_omnicross,
          serial_shops, nicolae_shop_bloodbath_and_beyond
Vaults:5: uniq_sojobo, uniq_mennas
Depths:1: layout_basic, pf_hell_entry_tar_spiral, abyss_entry_small_statue_room,
          minmay_misc_feat_diagonals, fountainhead,
          nicolae_transporter_intersection, minmay_shop_star
Depths:2: lemuel_traditional_vault, layout_gridlike, enter_ziggurat_f,
          hell_entry, serial_shops, shop, nicolae_diamond_shop, pan_entry,
          nzn_wu_jian_contemplation, infiniplex_staircase_x
Depths:3: nooodl_heptagram, layout_cave_pools, pan_entry, serial_shops,
          bzr_entry_gold, mu_enter_wizlab_4, abyss_entry, hell_entry,
          nrook_mini_vaults, minmay_orc_keep, uniq_xtahua, uniq_saint_roka
Depths:4: grunt_zot_entry_alcove, layout_gridlike, hell_entry,
          nicolae_qazlal_style_of_elements
Zot:1:    hangedman_zot_vaults_quadrants, layout_onion_interference,
          lemuel_baited_zot_trap, uniq_vv
Zot:2:    nicolae_zot_stationary_front, layout_gridlike, grunt_ministairs_11,
          drop_trap
Zot:3:    layout_basic, nicolae_rock_paper_scissors

Skill      XL: |  1  2  3  4  5  6  7  8  9 10 11 12 13 14 15 16 17 18 19 20 21 22 23 24 25 |
---------------+----------------------------------------------------------------------------+-----
Axes           | 4 5 6 7 10 12 14 16 17 18 19 20 21 | 21.8
Fighting       | 4 6 7 8 9 11 13 15 17 18 19 20 21 22 24 25 26 27 | 27.0
Throwing       | 1 3 4 7 8 9 10 11 12 13 14 15 16 | 16.1
Armour         | 3 6 8 11 13 14 15 17 18 19 20 21 22 23 24 25 | 25.0
Shields        | 2 7 8 9 10 12 13 14 15 16 19 20 21 22 23 | 23.3
Dodging        | 3 5 6 7 8 11 12 13 15 16 17 18 19 | 19.1
Evocations     | 4 |  4.4

Action                   |  1- 3 |  4- 6 |  7- 9 | 10-12 | 13-15 | 16-18 | 19-21 | 22-24 | 25-27 || total
-------------------------+-------+-------+-------+-------+-------+-------+-------+-------+-------++-------
Melee: Hand axe          |    49 |    52 |   388 |    80 |       |       |       |       |       ||   569
       Headbutt          |     2 |     6 |    79 |   115 |   238 |   400 |   427 |   399 |    88 ||  1754
       Punch             |       |     1 |       |       |       |       |       |       |       ||     1
       Unarmed           |       |       |     4 |       |       |       |       |       |       ||     4
       War axe           |       |       |       |   403 |   890 |  1271 |  1192 |  1123 |   205 ||  5084
       Flail             |       |       |       |    11 |     6 |       |       |       |       ||    17
       Morningstar       |       |       |       |       |    17 |       |       |       |       ||    17
Throw: Javelin           |     4 |     5 |    23 |    47 |    52 |    22 |   149 |    62 |    15 ||   379
       Boomerang         |       |       |     6 |    49 |   116 |    52 |     5 |       |     3 ||   231
Invok: Berserk           |     3 |     3 |    12 |    17 |    27 |    26 |    19 |    28 |     4 ||   139
       Trog's Hand       |       |       |     1 |     1 |     4 |    16 |    24 |     6 |       ||    52
       Brothers in Arms  |       |       |       |     1 |    12 |     8 |    12 |    12 |     1 ||    46
  Use: Scroll            |     9 |     1 |     9 |    11 |     9 |     7 |     8 |     4 |       ||    58
       Potion            |     1 |       |     2 |     2 |     2 |     5 |     1 |     4 |     1 ||    18
 Stab: Distracted        |       |       |       |       |     1 |     4 |     5 |     5 |       ||    15
       Petrified         |       |       |       |       |       |     4 |       |       |       ||     4
       Petrifying        |       |       |       |       |       |     1 |       |       |       ||     1
       Invisible         |       |       |       |       |       |       |     5 |    20 |     2 ||    27
Armor: Animal skin       |     1 |       |       |       |       |       |       |       |       ||     1
       Ring mail         |     1 |       |       |       |       |       |       |       |       ||     1
       Chain mail        |     4 |    17 |    72 |       |       |       |       |    33 |    56 ||   182
       Skin              |       |       |     1 |       |       |       |       |       |       ||     1
       Plate armour      |       |       |    11 |   151 |   311 |   475 |   259 |   391 |       ||  1598
Dodge: Dodged            |    26 |    14 |    63 |    74 |   202 |   384 |   278 |   741 |    71 ||  1853
Block: Other             |     1 |    10 |     2 |       |       |       |       |       |       ||    13
       Reflection        |       |     1 |    13 |    18 |    60 |   138 |    63 |    31 |     5 ||   329
       Buckler           |       |       |    24 |       |       |       |       |       |       ||    24
       Kite shield       |       |       |   124 |   308 |   729 |   511 |       |       |       ||  1672
       Tower shield      |       |       |       |       |       |   930 |  1125 |  1277 |   193 ||  3525

Table legend:
 A = Non-vault XP
 B = Vault XP
 C = Vault XP percentage of total XP
 D = Non-vault monster count
 E = Vault monster count
 F = Vault count percentage of total count
                 A         B        C        D         E       F
            +---------+---------+-------+---------+---------+-------
      Total |  652839 |  554730 |  45.9 |    1251 |     804 |  39.1
            +---------+---------+-------+---------+---------+-------
        D:1 |      28 |       0 |   0.0 |      14 |       0 |   0.0
        D:2 |      22 |       0 |   0.0 |      10 |       0 |   0.0
        D:3 |      89 |     292 |  76.6 |      23 |       9 |  28.1
        D:4 |     297 |    1121 |  79.1 |      22 |      12 |  35.3
        D:5 |     525 |     314 |  37.4 |      11 |      22 |  66.7
        D:6 |     811 |     111 |  12.0 |      20 |       7 |  25.9
        D:7 |    1520 |     973 |  39.0 |      23 |       5 |  17.9
        D:8 |    1706 |       0 |   0.0 |      22 |       0 |   0.0
        D:9 |     909 |       0 |   0.0 |       8 |       0 |   0.0
       D:10 |    2290 |    6008 |  72.4 |      14 |      23 |  62.2
       D:11 |    6856 |     647 |   8.6 |      30 |       9 |  23.1
       D:12 |    4946 |    1862 |  27.4 |      20 |       4 |  16.7
       D:13 |    4720 |    6918 |  59.4 |      13 |       8 |  38.1
       D:14 |   15097 |       0 |   0.0 |      25 |       0 |   0.0
       D:15 |   12774 |    5598 |  30.5 |      22 |       8 |  26.7
     Lair:1 |    4752 |       0 |   0.0 |      17 |       0 |   0.0
     Lair:2 |    9691 |       0 |   0.0 |      31 |       0 |   0.0
     Lair:3 |   11112 |    4406 |  28.4 |      40 |      15 |  27.3
     Lair:4 |    6706 |    5639 |  45.7 |      26 |      20 |  43.5
     Lair:5 |   13965 |    7951 |  36.3 |      38 |      29 |  43.3
   Shoals:1 |   12151 |       0 |   0.0 |      28 |       0 |   0.0
   Shoals:2 |   22417 |    7362 |  24.7 |      39 |       8 |  17.0
   Shoals:3 |   18692 |    4867 |  20.7 |      37 |       8 |  17.8
   Shoals:4 |   22925 |   27295 |  54.4 |      53 |      38 |  41.8
    Snake:1 |    2297 |       0 |   0.0 |       6 |       0 |   0.0
    Snake:2 |   15559 |       0 |   0.0 |      32 |       0 |   0.0
    Snake:3 |   20255 |       0 |   0.0 |      37 |       0 |   0.0
    Snake:4 |    8831 |   25443 |  74.2 |      16 |      42 |  72.4
      Orc:1 |    6284 |    1694 |  21.2 |      52 |      11 |  17.5
      Orc:2 |    3329 |    5999 |  64.3 |      31 |      36 |  53.7
   Vaults:1 |   36177 |   24429 |  40.3 |      49 |      31 |  38.8
   Vaults:2 |   32857 |   22541 |  40.7 |      48 |      27 |  36.0
   Vaults:3 |   19572 |   33845 |  63.4 |      24 |      42 |  63.6
   Vaults:4 |   23092 |   35382 |  60.5 |      37 |      45 |  54.9
   Vaults:5 |   23069 |  100132 |  81.3 |      27 |      74 |  73.3
   Depths:1 |   24251 |       0 |   0.0 |      27 |       0 |   0.0
   Depths:2 |   35633 |   35799 |  50.1 |      47 |      31 |  39.7
   Depths:3 |   45974 |   61150 |  57.1 |      56 |      68 |  54.8
   Depths:4 |   60562 |   17721 |  22.6 |      53 |      15 |  22.1
      Zot:1 |   29570 |   47415 |  61.6 |      26 |      34 |  56.7
      Zot:2 |   54501 |   14155 |  20.6 |      41 |      13 |  24.1
      Zot:3 |   19822 |    6888 |  25.8 |      17 |       5 |  22.7
    Abyss:2 |   16203 |       0 |   0.0 |      39 |       0 |   0.0
    Ossuary |       0 |     186 | 100.0 |       0 |      16 | 100.0
 Desolation |       0 |   40587 | 100.0 |       0 |      89 | 100.0
            +---------+---------+-------+---------+---------+-------
